 Dungeon Crawl Stone Soup version 0.31-a0-161-gb58dd9be76 (webtiles) character file.

Game seed: 8405076912150454380

328051 qw the Impregnable (level 21, -6/144 HPs)
             Began as a Gargoyle Fighter on June 12, 2023.
             Was a High Priest of Okawaru.
             Mangled by an ettin
             ... wielding a +3 dire flail of holy wrath
              (15 damage)
             ... on level 1 of the Depths.
             The game lasted 00:24:35 (41244 turns).

qw the Impregnable (Gargoyle Fighter)              Turns: 41244, Time: 00:24:35

Health: -6/144     AC: 62    Str: 39    XL:     21   Next: 68%
Magic:  23/28      EV: 16    Int: 10    God:    Okawaru [*****.]
Gold:   2043       SH: 22    Dex:  9    Spells: 20/20 levels left

rFire   + . .        b - +6 war axe (spect)
rCold   + . .        E - +0 tower shield
rNeg    + . .        F - +4 gold dragon scales
rPois   inf          q - +2 helmet
rElec   +            o - +2 cloak
rCorr   .            n - +2 pair of gloves {Str+3}
SInv    .            y - +2 pair of boots
Will    +....        B - amulet of faith Stlth
                     H - +6 ring of strength
HPRegen 0.44/turn    C - +5 ring of evasion
MPRegen 0.21/turn

%: faith
@: about to teleport, heroic, finesse-ful, flying
A: sickness immunity, AC +16, big wings, negative energy resistance 1,
electricity resistance, torment resistance 1, petrification resistance
}: 2/15 runes: decaying, gossamer
a: Renounce Religion, Heroism, Finesse, Duel


You were on level 1 of the Depths.
You worshipped Okawaru.
Okawaru was extremely pleased with you.
You visited 8 branches of the dungeon, and saw 36 of its levels.
You also visited: Ossuary.

You collected 5563 gold pieces.
You spent 3520 gold pieces at shops.


Innate Abilities, Weirdness & Mutations

You are immune to sickness and miasma.
Your stone body is resilient. (AC +16)
You are immune to poison.
Your large and strong wings let you fly.
You resist negative energy. (rN+)
You are resistant to electric shocks. (rElec)
You are resistant to unholy torment.
You are immune to petrification.


   Skills:
 - Level 19.0(24.0) Fighting
 - Level 16.0(21.0) Axes
 + Level 10.8(15.8) Throwing
 - Level 21.0(26.0) Armour
 - Level 5.0(10.0) Dodging
 - Level 20.0(25.0) Shields
 - Level 10.0 Invocations


You had 20 spell levels left.
You didn't know any spells.
Your spell library was empty.

Inventory:

Hand Weapons
 b - a +6 spectral war axe (weapon)
 u - the +1 war axe "Feogy" {speed, rC+ Str+4 Int-2}
   (Okawaru gifted it to you on level 2 of the Vaults)

   Str:       It affects your strength (+4).
   Int:       It affects your intelligence (-2).
   rC:        It protects you from cold.
 v - a +3 broad axe
Missiles
 s - 3 silver javelins
 D - 5 javelins (quivered)
 J - 3 boomerangs
Armour
 m - the +9 plate armour of the Sun {Harm rCorr}
   (You found it on level 7 of the Dungeon)

   rCorr:     It protects you from acid and corrosion.
   Harm:      It increases damage dealt and taken.
 n - a +2 pair of gloves of strength (worn)
 o - a +2 cloak (worn)
 q - a +2 helmet (worn)
 y - a +2 pair of boots (worn)
 E - a +0 tower shield (worn)
 F - +4 gold dragon scales (worn)
 I - the +3 hat of Pondering {ponderous, Will+ MP+10 Int+5}
   (You bought it in a shop on level 1 of the Depths)

   Int:       It affects your intelligence (+5).
   MP:        It affects your magic capacity (+10).
   Will:      It increases your willpower.
Jewellery
 a - the amulet "Nelaolot" {RegenMP rF+ rC+ Dex+3}
   (You found it on level 5 of the Lair of Beasts)

   [amulet of magic regeneration]

   It increases your rate of magic regeneration.
   Dex:       It affects your dexterity (+3).
   rF:        It protects you from fire.
   rC:        It protects you from cold.
 g - an amulet of regeneration
 j - a ring of protection from fire
 w - the ring of Jobolem {Drain Fly rF+ rC++}
   (You found it on level 4 of the Swamp)

   [ring of flight]

   rF:        It protects you from fire.
   rC:        It greatly protects you from cold.
   Fly:       It grants you flight.
   Drain:     It drains your maximum health when unequipped.
 B - an amulet of faith (around neck)
 C - a +5 ring of evasion (right hand)
 G - a +4 ring of protection
 H - a +6 ring of strength (left hand)
Wands
 z - a wand of digging (19)
Scrolls
 f - 29 scrolls of identify
 k - 10 scrolls of teleportation
 r - 2 scrolls of brand weapon
Potions
 c - 3 potions of haste
 d - 11 potions of might
 e - 3 potions of magic
 h - 6 potions of mutation
 i - 7 potions of attraction
 l - 15 potions of curing
 p - a potion of cancellation
 t - 4 potions of lignification
 x - 10 potions of heal wounds
 A - 2 potions of resistance

Dungeon Overview and Level Annotations

Branches:
Dungeon (15/15)            Temple (1/1) D:4            Lair (5/5) D:11
  Swamp (4/4) Lair:3       Spider (4/4) Lair:2        Slime (0/5) Lair:5
    Orc (2/2) D:11            Elf (0/3) Orc:2        Vaults (4/5) D:14
  Crypt (0/3) Vaults:2     Depths (1/4) D:15        Ossuary (visited)

Altars:
Ashenzari
Cheibriados
Dithmenos
Elyvilon
Fedhas
Gozag
Hepliaklqana
Kikubaaqudgha
Makhleb
Nemelex Xobeh
Okawaru
Qazlal
Ru
Sif Muna
Trog
Uskayaw
Vehumet
Wu Jian
Xom
Yredelemnul
Zin
The Shining One
Jiyva

Shops:
D:7 ?(   D:14 :   Orc:2 [:[?*   Vaults:1 (   Vaults:3 [   Depths:1 *?

Portals:
Hell: Lair:5 Depths:1

Annotations:
D:3 1 runed translucent door, qw's ghost, amateur MiHu
Vaults:1 2 transporters


Message History

You kill the iron troll!
Okawaru accepts your kill.
Your +6 spectral war axe disappears.
A tengu conjurer comes into view.
You completely miss the juggernaut.
You hit the stone giant but do no damage.
Your +6 spectral war axe hits the juggernaut but does no damage.
Your +6 spectral war axe hits the stone giant. x2
Your +6 spectral war axe hits the juggernaut.
You slash the sphinx!
The sphinx is almost dead.
You barely miss the stone giant. You slice the juggernaut!!
You slash the spark wasp!
Your +6 spectral war axe completely misses the sphinx.
Your +6 spectral war axe hits the stone giant but does no damage.
The stone giant shouts!
Your +6 spectral war axe hits the spark wasp.
Your +6 spectral war axe hits the sphinx!
You kill the sphinx!
Okawaru accepts your kill.
Your +6 spectral war axe barely misses the ettin.
Your +6 spectral war axe hits the juggernaut!!
Your +6 spectral war axe hits the stone giant!!
Your +6 spectral war axe hits the stone giant!
Your +6 spectral war axe hits the juggernaut but does no damage.
The juggernaut hits you!
The juggernaut hits you but does no damage.
An ettin comes into view. It is wielding two +0 dire flails.
The stone giant hits your +6 spectral war axe!!
Your spectral weapon shares its damage with you!
Your +6 spectral war axe disappears.
41244 ||| READING 11 scrolls of teleportation.
As you read the scroll of teleportation, it crumbles to dust.
You feel strangely unstable. You block the spark wasp's attack.
The tengu conjurer gestures at you while chanting.
The bolt of lightning hits you! You resist. You block the spark wasp's attack.
The stone giant completely misses you.
The ettin hits you with a +3 dire flail of holy wrath!
You die...

R. ##C## #### #Q..# ...#
##.C.## ...+ #.....# ...#
##..}..## .>.#### . #.y()...#
...#..###....#.C@C...#...
##.#....#$...'..(C...'...
...'....#########'######
..##.......######.############
..............................
###########..####.....########
##.# ##.##.# #.# #.##.# #.#
#.##.#


You could see a juggernaut, a frost giant, a stone giant, 2 ettins, a rakshasa,
a spark wasp and a tengu conjurer.

Vanquished Creatures
  the Lernaean hydra (Swamp:4)
  Margery (Vaults:2)
  A caustic shrike (Depths:1)
  Jorgrun (Spider:2)
  Mlioglotl (Swamp:2)
  A tentacled monstrosity (Swamp:4)
  Rupert (D:12)
  A titan (Depths:1)
  A walking frostbound tome (Depths:1)
  A sphinx (Depths:1)
  Kirke (Spider:3)
  A tengu reaver (Depths:1)
  Gastronok (D:12)
  Roxanne (Swamp:4)
  2 fire giants (Depths:1)
  A thorn hunter (Swamp:3)
  A fenstrider witch (Swamp:2)
  13 vault wardens
  A frost giant (Depths:1)
  Louise (Swamp:1)
  5 emperor scorpions
  3 ghost moths (Spider:4)
  3 orc warlords
  2 formless jellyfish
  A war gargoyle (Vaults:4)
  16 ironbound preservers
  3 stone giants
  3 broodmothers
  5 ironbound thunderhulks
  3 vampire knights (Depths:1)
  9 eleionomae
  6 bunyips
  Azrael (Spider:2)
  5 dire elephants
  2 spark wasps
  2 ettins
  A crystal guardian (Vaults:4)
  Josephine (Spider:1)
  3 yaktaur captains
  4 fire dragons
  7 entropy weavers
  2 great orbs of eyes (Vaults:4)
  An ice dragon (Depths:1)
  A rakshasa (Depths:1)
  A peacekeeper (Vaults:4)
  2 ghost crabs
  12 vault guards
  Erica (D:8)
  An ogre mage (D:15)
  21 hydras
  10 radroaches
  2 catoblepae
  3 jorogumos
  8 ironbound frosthearts
  11 boulder beetles
  8 centaur warriors
  A death knight (D:15)
  5 tengu warriors
  12 alligators
  2 deep troll shamans (Depths:1)
  A vampire mage (Depths:1)
  4 deep troll earth magi (Depths:1)
  A spriggan berserker (Depths:1)
  12 demonic crawlers
  An orc high priest (Orc:2)
  4 hell knights (Vaults:2)
  2 skysharks (Lair:5)
  2 iron trolls (Depths:1)
  10 pharaoh ants
  A sixfirhy (Lair:5)
  5 goliath frogs
  Lodul (D:12)
  A skeletal warrior (D:15)
  5 orb spiders
  10 swamp dragons
  9 wizards
  6 spriggan druids
  60 deep trolls
  11 bog bodies
  2 phantasmal warriors (Depths:1)
  12 lindwurms
  2 necromancers (Vaults:2)
  12 steelbarb worms
  Pikel (D:8)
  A mana viper (shapeshifter) (Depths:1)
  10 wolf spider zombies (Spider:1)
  12 orc knights
  28 ugly things
  4 deep elf pyromancers (D:15)
  13 ironbound convokers
  22 wolf spiders
  6 cyclopes
  A glowing shapeshifter (Depths:1)
  4 orc sorcerers (Orc:2)
  3 manticores
  5 will-o-the-wisps
  A sphinx skeleton (Vaults:2)
  A moth of wrath (Spider:2)
  21 vault sentinels
  Joseph (D:8)
  A smoke demon (Lair:5)
  5 black mambas
  A guardian serpent (shapeshifter) (D:15)
  Maurice (D:8)
  An orange demon (Lair:5)
  5 torpor snails
  24 yaktaurs
  4 cane toads
  An unseen horror (D:10)
  5 rime drakes
  4 tengu conjurers
  4 ice devils (Lair:5)
  7 redback zombies (Spider:1)
  2 human skeletons (Vaults:2)
  11 komodo dragons
  5 meliai
  A bloated husk (Swamp:2)
  7 trolls
  A wind drake (shapeshifter) (D:14)
  7 tyrant leeches
  6 tarantella zombies (Spider:1)
  A raiju (shapeshifter) (D:15)
  6 hornets
  Prince Ribbit (D:5)
  A polar bear (Lair:2)
  39 tarantellas
  3 culicivora zombies (Spider:1)
  5 dream sheep (Lair:5)
  20 blink frogs
  21 culicivoras
  2 shadows (D:9)
  19 jumping spiders
  10 spriggans
  12 slime creatures
  3 wraiths (Spider:1)
  A vampire (D:11)
  Eustachio (D:5)
  3 fire elementals (Spider:2)
  6 wyverns
  65 yaks
  10 vampire mosquitoes
  9 basilisks
  6 hogs (Spider:3)
  A water elemental (D:12)
  3 steam dragons
  23 humans
  A human simulacrum (Vaults:2)
  8 swamp worms
  67 redbacks
  4 acid dragons
  2 wargs
  4 floating eyes (D:15)
  7 hell hounds
  20 water moccasins
  6 swamp drakes (Swamp:4)
  2 sky beasts
  23 orc warriors
  2 ice beasts
  4 black bears
  An ettin simulacrum (Vaults:2)
  21 ogres
  2 centaurs (D:10)
  2 phantoms
  20 wolves
  3 lemures (D:8)
  A kobold brigand (D:8)
  16 bullfrogs
  A gnoll sergeant (D:9)
  2 scorpions (D:4)
  4 wights (D:7)
  15 killer bees
  3 electric eels
  8 howler monkeys
  2 centaur zombies (Ossuary)
  A lava snake (D:12)
  18 orc priests
  2 hounds
  A human zombie (Ossuary)
  4 jellies
  A gnoll bouda (D:6)
  4 iguanas
  2 sleepcaps (D:7)
  Natasha (thrice) (D:3)
  30 orc wizards
  4 mummies
  15 gnolls
  8 adders
  4 white imps
  An ufetubus (Vaults:1)
  5 worms
  3 dart slugs
  67 orcs
  8 ball pythons
  13 bats
  6 endoplasms
  2 giant cockroaches (D:2)
  8 goblins
  4 hobgoblins
  3 quokkas
  6 frilled lizards
  A gnoll zombie (Ossuary)
  A goblin zombie (Ossuary)
  A hobgoblin zombie (Ossuary)
  8 kobolds
  2 kobold zombies (D:7)
  2 orc zombies (Ossuary)
  3 rats (D:2)
  A butterfly (Lair:1)
  A fire vortex (D:12)
1398 creatures vanquished.

Vanquished Creatures (others)
  2 bog bodies (Swamp:4)
  A bloated husk (Swamp:4)
  A swamp drake (Swamp:4)
  An orc wizard (D:11)
  18 foxfires
  48 spectral weapons
71 creatures vanquished.

Grand Total: 1469 creatures vanquished

Notes
Turn   | Place    | Note
-------+----------+-------------------------------------------
     0 | D:1      | qw the Gargoyle Fighter began the quest for the Orb.
     0 | D:1      | Reached XP level 1. HP: 14/14 MP: 1/1
     0 | D:1      | 0 ||| qw: Version: 0.2-a-29-gc1b59c4
     0 | D:1      | 0 ||| qw: Game counter: 4282
     0 | D:1      | 0 ||| qw: Always use a shield: true
     0 | D:1      | 0 ||| qw: God list: Okawaru
     0 | D:1      | 0 ||| qw: Allow faded altars: false
     0 | D:1      | 0 ||| qw: Do Orc after D:15 true
     0 | D:1      | 0 ||| qw: Do second Lair branch before Depths: true
     0 | D:1      | 0 ||| qw: Lair rune preference: random
     0 | D:1      | 0 ||| qw: Plans: Normal, Zot:1-4, Slime:5, God:TSO, Crypt,
                  | Tomb, Abyss, Pan, Hells, Win
     0 | D:1      | 0 ||| PLANNING D:1-11
     7 | D:1      | 7 ||| Stepping ~*~*~tactically~*~*~ (stealth).
    14 | D:1      | 14 ||| FLEEEEING.
    15 | D:1      | 15 ||| FLEEEEING.
    26 | D:1      | 26 ||| Stepping ~*~*~tactically~*~*~ (stealth).
    27 | D:1      | 27 ||| Stepping ~*~*~tactically~*~*~ (stealth).
    45 | D:1      | Reached XP level 2. HP: 19/19 MP: 2/2
   440 | D:1      | Reached skill level 3 in Axes
   449 | D:1      | 449 ||| UPGRADING to +0 chain mail.
   459 | D:1      | 459 ||| DROPPING +0 scale mail.
   460 | D:1      | 460 ||| READING 2 scrolls labelled QAKLURGH YNIHO.
   461 | D:1      | 461 ||| READING scroll labelled MOR JOAPEXUBLE.
   462 | D:1      | 462 ||| READING scroll labelled ICEUPH OK VUBO.
   463 | D:1      | 463 ||| READING scroll labelled ROAMY KUESM.
   464 | D:1      | 464 ||| READING scroll labelled UDOSIA YBLAINK.
   516 | D:2      | Reached XP level 3. HP: 23/23 MP: 3/3
   759 | D:2      | 759 ||| DROPPING +0 club.
  1092 | D:2      | 1092 ||| Stepping ~*~*~tactically~*~*~ (stealth).
  1114 | D:2      | 1114 ||| DROPPING +0 whip.
  1204 | D:2      | Reached XP level 4. HP: 28/28 MP: 4/4
  1431 | D:2      | 1431 ||| READING scroll labelled AWUASERASY.
  1434 | D:2      | 1434 ||| READING scroll labelled HONEAGG HUSCHA.
  1435 | D:2      | 1435 ||| DRINKING 2 murky emerald potions.
  1436 | D:2      | 1436 ||| READING 4 scrolls of identify.
  1436 | D:2      | 1436 ||| IDENTIFYING coppery potion
  1437 | D:2      | 1437 ||| READING 3 scrolls of identify.
  1437 | D:2      | 1437 ||| IDENTIFYING orange potion
  1438 | D:2      | 1438 ||| READING 2 scrolls of identify.
  1438 | D:2      | 1438 ||| IDENTIFYING lumpy coppery potion
  1439 | D:2      | 1439 ||| DROPPING potion of berserk rage.
  1530 | D:3      | 1530 ||| Stepping ~*~*~tactically~*~*~ (hiding).
  1731 | D:3      | 1731 ||| Stepping ~*~*~tactically~*~*~ (hiding).
  1732 | D:3      | 1732 ||| Stepping ~*~*~tactically~*~*~ (hiding).
  1748 | D:3      | 1748 ||| Stepping ~*~*~tactically~*~*~ (stealth).
  1796 | D:3      | 1796 ||| Stepping ~*~*~tactically~*~*~ (stealth).
  1797 | D:3      | 1797 ||| Stepping ~*~*~tactically~*~*~ (stealth).
  1798 | D:3      | 1798 ||| Stepping ~*~*~tactically~*~*~ (stealth).
  1802 | D:3      | 1802 ||| Stepping ~*~*~tactically~*~*~ (stealth).
  2003 | D:3      | Noticed Natasha
  2008 | D:3      | Killed Natasha
  2009 | D:3      | Reached XP level 5. HP: 32/32 MP: 5/5
  2030 | D:3      | Found a runed translucent door.
  2208 | D:3      | Noticed qw's ghost (amateur MiHu)
  2388 | D:3      | Noticed Natasha
  2389 | D:3      | 2389 ||| Stepping ~*~*~tactically~*~*~ (stealth).
  2391 | D:3      | 2391 ||| Stepping ~*~*~tactically~*~*~ (hiding).
  2403 | D:3      | Killed Natasha
  2412 | D:3      | Noticed Natasha
  2419 | D:3      | Killed Natasha
  2580 | D:3      | 2580 ||| READING scroll labelled YPODOR NIY.
  2581 | D:3      | 2581 ||| READING scroll labelled JIWNUA KULOANAME.
  2582 | D:3      | 2582 ||| READING scroll labelled HAEDOE ES WIUTU.
  2583 | D:3      | 2583 ||| READING 2 scrolls of identify.
  2583 | D:3      | 2583 ||| IDENTIFYING silvery potion
  2714 | D:4      | Reached XP level 6. HP: 24/39 MP: 6/6
  2876 | D:4      | Found an ancient bone altar of Kikubaaqudgha.
  3087 | D:4      | Found a burning altar of Makhleb.
  3087 | D:4      | Found a glowing silver altar of Zin.
  3091 | D:4      | Noticed an angel
  3091 | D:4      | Noticed a cacodemon
  3210 | D:4      | 3210 ||| Stepping ~*~*~tactically~*~*~ (stealth).
  3220 | D:4      | Found a staircase to the Ecumenical Temple.
  3221 | D:4      | 3221 ||| PLANNING TEMPLE
  3221 | D:4      | 3221 ||| DRINKING 2 green potions.
  3222 | D:4      | 3222 ||| READING 4 scrolls of identify.
  3222 | D:4      | 3222 ||| IDENTIFYING emerald potion
  3223 | D:4      | 3223 ||| DROPPING potion of brilliance.
  3224 | D:4      | 3224 ||| DROPPING potion of ambrosia.
  3230 | Temple   | Entered the Ecumenical Temple
  3244 | Temple   | 3244 ||| PLANNING D:1-11
  3332 | D:4      | Reached skill level 6 in Axes
  3332 | D:4      | Reached XP level 7. HP: 41/44 MP: 7/7
  3351 | D:4      | Found a hazy altar of Hepliaklqana.
  3353 | D:4      | Found a bloodstained altar of Trog.
  3416 | D:5      | Entered Level 5 of the Dungeon
  3423 | D:5      | Reached skill level 1 in Dodging
  3774 | D:5      | Reached skill level 1 in Throwing
  3774 | D:5      | Reached XP level 8. HP: 40/49 MP: 8/8
  3871 | D:5      | Noticed Prince Ribbit
  3874 | D:5      | Noticed Eustachio
  3896 | D:5      | Killed Prince Ribbit
  3904 | D:5      | Killed Eustachio
  4225 | D:5      | 4225 ||| UPGRADING to amulet of regeneration.
  4230 | D:5      | 4230 ||| READING scroll labelled BUESUEM TOPP.
  4231 | D:5      | 4231 ||| READING 6 scrolls of identify.
  4231 | D:5      | 4231 ||| IDENTIFYING metallic clear potion
  4232 | D:5      | 4232 ||| READING 5 scrolls of identify.
  4232 | D:5      | 4232 ||| IDENTIFYING murky amethyst potion
  4233 | D:5      | 4233 ||| READING 4 scrolls of identify.
  4233 | D:5      | 4233 ||| IDENTIFYING dark potion
  4234 | D:5      | 4234 ||| DROPPING potion of enlightenment.
  4458 | D:6      | Reached skill level 6 in Fighting
  4506 | D:6      | 4506 ||| DROPPING +0 mace.
  4527 | D:6      | 4527 ||| Stepping ~*~*~tactically~*~*~ (hiding).
  4529 | D:6      | 4529 ||| Stepping ~*~*~tactically~*~*~ (hiding).
  4712 | D:6      | 4712 ||| READING scroll of brand weapon.
  4712 | D:6      | 4712 ||| BRANDING +1 war axe of electrocution.
  5056 | D:6      | 5056 ||| DROPPING orb of light.
  5057 | D:6      | 5057 ||| UPGRADING to +2 helmet.
  5117 | D:7      | 5117 ||| PLANNING OSSUARY
  5128 | D:7      | Identified the +9 plate armour of the Sun {Harm rCorr}
  5160 | D:7      | 5160 ||| Stepping ~*~*~tactically~*~*~ (hiding).
  5274 | D:7      | Reached skill level 4 in Armour
  5340 | D:7      | Reached XP level 9. HP: 55/55 MP: 9/9
  5349 | D:7      | 5349 ||| Stepping ~*~*~tactically~*~*~ (hiding).
  5401 | D:7      | Found Famuasat's Magic Scroll Emporium.
  5401 | D:7      | Found Sistrozxu's Weapon Boutique.
  5406 | D:7      | 5406 ||| BUYING scroll of brand weapon (133 gold).
  5406 | D:7      | Bought a scroll of brand weapon for 133 gold pieces
  5406 | D:7      | 5406 ||| BUYING scroll of identify (28 gold).
  5406 | D:7      | Bought a scroll of identify for 28 gold pieces
  5406 | D:7      | 5406 ||| BUYING scroll of identify (28 gold).
  5406 | D:7      | Bought a scroll of identify for 28 gold pieces
  5406 | D:7      | 5406 ||| READING scroll of brand weapon.
  5406 | D:7      | 5406 ||| BRANDING +1 war axe of draining.
  5407 | D:7      | 5407 ||| DROPPING +0 hand axe.
  5421 | D:7      | Reached skill level 9 in Axes
  5430 | D:7      | 5430 ||| Stepping ~*~*~tactically~*~*~ (stealth).
  5431 | D:7      | 5431 ||| Stepping ~*~*~tactically~*~*~ (stealth).
  5432 | D:7      | 5432 ||| Stepping ~*~*~tactically~*~*~ (stealth).
  5659 | D:7      | Found a sand-covered staircase.
  5671 | D:7      | 5671 ||| UPGRADING to +9 plate armour of the Sun {Harm
                  | rCorr}.
  5681 | D:7      | 5681 ||| DROPPING +0 chain mail.
  5682 | D:7      | 5682 ||| UPGRADING to +2 pair of gloves of strength.
  5687 | D:7      | 5687 ||| READING scroll labelled LEMMUELEDET.
  5691 | Ossuary  | Entered an ossuary
  5847 | Ossuary  | 5847 ||| READING scroll labelled CIWUIL ACSESHRAKOX.
  5847 | Ossuary  | Identified a scroll of acquirement
  5847 | Ossuary  | 5847 ||| ACQUIRING +0 broad axe of venom
  5847 | Ossuary  | Acquired a +0 broad axe of venom
  5849 | Ossuary  | 5849 ||| READING scroll labelled FAPHAB TEZ HEG.
  5850 | Ossuary  | 5850 ||| DRINKING 2 clear potions.
  5886 | D:7      | 5886 ||| PLANNING D:1-11
  5955 | D:7      | Reached skill level 5 in Armour
  6018 | D:7      | Reached skill level 6 in Armour
  6060 | D:7      | Identified the +5 ring mail "Xuukk" {Regen+ Dex-5 SInv}
  6372 | D:8      | Found a stormy altar of Qazlal.
  6383 | D:8      | Found a shadowy altar of Dithmenos.
  6406 | D:8      | Noticed Maurice
  6428 | D:8      | 6428 ||| FLEEEEING.
  6429 | D:8      | 6429 ||| FLEEEEING.
  6430 | D:8      | 6430 ||| FLEEEEING.
  6431 | D:8      | 6431 ||| FLEEEEING.
  6432 | D:8      | 6432 ||| FLEEEEING.
  6433 | D:8      | 6433 ||| FLEEEEING.
  6434 | D:8      | 6434 ||| FLEEEEING.
  6439 | D:8      | 6439 ||| FLEEEEING.
  6440 | D:8      | 6440 ||| FLEEEEING.
  6441 | D:8      | 6441 ||| FLEEEEING.
  6443 | D:8      | 6443 ||| FLEEEEING.
  6446 | D:8      | 6446 ||| FLEEEEING.
  6447 | D:8      | 6447 ||| FLEEEEING.
  6448 | D:8      | 6448 ||| FLEEEEING.
  6459 | D:8      | Reached XP level 10. HP: 47/64 MP: 10/10
  6465 | D:8      | Killed Maurice
  6752 | D:8      | Noticed a cyclops
  6757 | D:8      | Killed a cyclops
  6884 | D:8      | Found a basalt altar of Yredelemnul.
  6917 | D:8      | Noticed Pikel
  6932 | D:8      | Killed Pikel
  6933 | D:8      | Reached skill level 7 in Armour
  7045 | D:8      | Noticed Joseph
  7047 | D:8      | 7047 ||| FLEEEEING.
  7048 | D:8      | 7048 ||| FLEEEEING.
  7056 | D:8      | Killed Joseph
  7077 | D:8      | Noticed Erica
  7101 | D:8      | Killed Erica
  7396 | D:8      | 7396 ||| UPGRADING to +0 cloak.
  7401 | D:8      | 7401 ||| READING 4 scrolls of enchant armour.
  7401 | D:8      | 7401 ||| ENCHANTING +0 cloak.
  7402 | D:8      | 7402 ||| READING 3 scrolls of enchant armour.
  7402 | D:8      | 7402 ||| ENCHANTING +1 cloak.
  7403 | D:8      | 7403 ||| DROPPING ring of wizardry.
  7404 | D:8      | 7404 ||| READING scroll labelled BIOSEPA SOGEQE.
  7501 | D:9      | Reached skill level 8 in Armour
  7563 | D:9      | Reached skill level 9 in Fighting
  7563 | D:9      | 7563 ||| Stepping ~*~*~tactically~*~*~ (cloud).
  7564 | D:9      | 7564 ||| Stepping ~*~*~tactically~*~*~ (cloud).
  7743 | D:9      | Reached XP level 11. HP: 71/71 MP: 11/11
  7805 | D:9      | Found a glowing golden altar of the Shining One.
  7916 | D:9      | 7916 ||| Stepping ~*~*~tactically~*~*~ (cloud).
  7924 | D:9      | 7924 ||| Stepping ~*~*~tactically~*~*~ (cloud).
  8071 | D:9      | 8071 ||| FLEEEEING.
  8091 | D:9      | Found an iron altar of Okawaru.
  8092 | D:9      | 8092 ||| PLANNING OKAWARU WORSHIP
  8092 | D:9      | 8092 ||| UPGRADING to +0 kite shield.
  8102 | D:9      | 8102 ||| DROPPING +0 buckler.
  8103 | D:9      | 8103 ||| DROPPING +1 pair of gloves.
  8124 | D:9      | Reached skill level 6 in Shields
  8128 | D:9      | 8128 ||| READING 10 scrolls of identify.
  8128 | D:9      | 8128 ||| IDENTIFYING bubbling white potion
  8129 | D:9      | Became a worshipper of Warmaster Okawaru
  8129 | D:9      | 8129 ||| PLANNING D:1-11
  8156 | D:9      | 8156 ||| Stepping ~*~*~tactically~*~*~ (stealth).
  8158 | D:9      | 8158 ||| Stepping ~*~*~tactically~*~*~ (stealth).
  8512 | D:10     | Entered Level 10 of the Dungeon
  8512 | D:10     | Found a broken altar of Ashenzari.
  8703 | D:10     | 8703 ||| Invisibility monster not found???
  8892 | D:10     | 8892 ||| Stepping ~*~*~tactically~*~*~ (stealth).
  8927 | D:10     | Found a shimmering blue altar of Sif Muna.
  8971 | D:10     | 8971 ||| Stepping ~*~*~tactically~*~*~ (hiding).
  8977 | D:10     | Reached * piety under Okawaru
  9007 | D:10     | Reached skill level 1 in Invocations
  9053 | D:10     | 9053 ||| Stepping ~*~*~tactically~*~*~ (stealth).
  9054 | D:10     | 9054 ||| INVOKING Heroism.
  9074 | D:10     | 9074 ||| Stepping ~*~*~tactically~*~*~ (stealth).
  9080 | D:10     | 9080 ||| Stepping ~*~*~tactically~*~*~ (stealth).
  9090 | D:10     | 9090 ||| FLEEEEING.
  9091 | D:10     | 9091 ||| FLEEEEING.
  9092 | D:10     | 9092 ||| FLEEEEING.
  9093 | D:10     | 9093 ||| FLEEEEING.
  9094 | D:10     | 9094 ||| FLEEEEING.
  9095 | D:10     | 9095 ||| FLEEEEING.
  9198 | D:10     | 9198 ||| READING 11 scrolls of identify.
  9198 | D:10     | 9198 ||| IDENTIFYING glowing dark potion
  9287 | D:11     | Reached skill level 3 in Invocations
  9393 | D:11     | 9393 ||| Stepping ~*~*~tactically~*~*~ (stealth).
  9403 | D:11     | Noticed a cyclops
  9404 | D:11     | 9404 ||| INVOKING Heroism.
  9406 | D:11     | Reached skill level 9 in Shields
  9407 | D:11     | Reached skill level 3 in Throwing
  9407 | D:11     | Reached ** piety under Okawaru
  9418 | D:11     | 9418 ||| INVOKING Heroism.
  9421 | D:11     | Killed a cyclops
  9446 | D:11     | Found a staircase to the Lair.
  9520 | D:11     | 9520 ||| INVOKING Heroism.
  9692 | D:11     | 9692 ||| INVOKING Heroism.
  9713 | D:11     | Reached XP level 12. HP: 76/76 MP: 15/15
  9797 | D:11     | Noticed a boulder beetle
  9798 | D:11     | 9798 ||| INVOKING Heroism.
  9805 | D:11     | Killed a boulder beetle
  9917 | D:11     | Found a staircase to the Orcish Mines.
  9918 | D:11     | 9918 ||| Stepping ~*~*~tactically~*~*~ (hiding).
 10038 | D:11     | Reached skill level 12 in Axes
 10127 | D:11     | 10127 ||| PLANNING LAIR
 10127 | D:11     | 10127 ||| READING scroll labelled PUT MA ZOFFE.
 10130 | Lair:1   | Entered Level 1 of the Lair of Beasts
 10131 | Lair:1   | 10131 ||| INVOKING Heroism.
 10139 | Lair:1   | Reached *** piety under Okawaru
 10150 | Lair:1   | 10150 ||| Stepping ~*~*~tactically~*~*~ (hiding).
 10159 | Lair:1   | Reached skill level 9 in Armour
 10261 | Lair:1   | 10261 ||| INVOKING Heroism.
 10286 | Lair:1   | 10286 ||| INVOKING Heroism.
 10370 | Lair:1   | 10370 ||| Stepping ~*~*~tactically~*~*~ (stealth).
 10471 | Lair:1   | 10471 ||| Stepping ~*~*~tactically~*~*~ (hiding).
 10539 | Lair:1   | 10539 ||| INVOKING Heroism.
 10688 | Lair:1   | Reached **** piety under Okawaru
 10705 | Lair:1   | 10705 ||| READING scroll of enchant weapon.
 10705 | Lair:1   | 10705 ||| ENCHANTING +1 spectral war axe.
 11055 | Lair:1   | 11055 ||| READING scroll labelled TUVYUTSEAT.
 11098 | Lair:2   | 11098 ||| INVOKING Heroism.
 11187 | Lair:2   | Noticed an eight-headed hydra
 11188 | Lair:2   | 11188 ||| INVOKING Heroism.
 11192 | Lair:2   | 11192 ||| SWAPPING to +0 flail.
 11200 | Lair:2   | Killed an eight-headed hydra
 11201 | Lair:2   | 11201 ||| SWAPPING to +2 spectral war axe.
 11329 | Lair:2   | 11329 ||| Stepping ~*~*~tactically~*~*~ (stealth).
 11335 | Lair:2   | Reached ***** piety under Okawaru
 11339 | Lair:2   | Reached skill level 6 in Invocations
 11363 | Lair:2   | Reached XP level 13. HP: 76/82 MP: 17/17
 11382 | Lair:2   | 11382 ||| Stepping ~*~*~tactically~*~*~ (stealth).
 11384 | Lair:2   | 11384 ||| Stepping ~*~*~tactically~*~*~ (hiding).
 11388 | Lair:2   | Identified the +7 battleaxe of Conservatism {antimagic,
                  | *Noise rPois rC+ SInv} (Okawaru gifted it to you on level 2
                  | of the Lair of Beasts)
 11388 | Lair:2   | Received a gift from Okawaru
 11401 | Lair:2   | 11401 ||| Stepping ~*~*~tactically~*~*~ (stealth).
 11402 | Lair:2   | 11402 ||| Stepping ~*~*~tactically~*~*~ (stealth).
 11403 | Lair:2   | 11403 ||| Stepping ~*~*~tactically~*~*~ (stealth).
 11404 | Lair:2   | 11404 ||| Stepping ~*~*~tactically~*~*~ (stealth).
 11406 | Lair:2   | 11406 ||| Stepping ~*~*~tactically~*~*~ (stealth).
 11408 | Lair:2   | 11408 ||| Stepping ~*~*~tactically~*~*~ (stealth).
 11410 | Lair:2   | 11410 ||| Stepping ~*~*~tactically~*~*~ (stealth).
 11433 | Lair:2   | 11433 ||| Stepping ~*~*~tactically~*~*~ (stealth).
 11435 | Lair:2   | 11435 ||| INVOKING Heroism.
 11436 | Lair:2   | 11436 ||| INVOKING Finesse.
 11437 | Lair:2   | 11437 ||| INVOKING Finesse.
 11598 | Lair:2   | 11598 ||| Stepping ~*~*~tactically~*~*~ (stealth).
 11599 | Lair:2   | 11599 ||| Stepping ~*~*~tactically~*~*~ (stealth).
 11706 | Lair:2   | 11706 ||| INVOKING Heroism.
 11721 | Lair:2   | Found a hole to the Spider Nest.
 12011 | Lair:3   | 12011 ||| INVOKING Heroism.
 12015 | Lair:3   | 12015 ||| SWAPPING to +0 flail.
 12023 | Lair:3   | 12023 ||| SWAPPING to +2 spectral war axe.
 12076 | Lair:3   | 12076 ||| Stepping ~*~*~tactically~*~*~ (stealth).
 12078 | Lair:3   | 12078 ||| Stepping ~*~*~tactically~*~*~ (stealth).
 12079 | Lair:3   | 12079 ||| Stepping ~*~*~tactically~*~*~ (stealth).
 12082 | Lair:3   | 12082 ||| INVOKING Heroism.
 12090 | Lair:3   | 12090 ||| Stepping ~*~*~tactically~*~*~ (stealth).
 12157 | Lair:3   | 12157 ||| Stepping ~*~*~tactically~*~*~ (stealth).
 12166 | Lair:3   | Reached skill level 10 in Armour
 12260 | Lair:3   | 12260 ||| READING scroll of enchant weapon.
 12260 | Lair:3   | 12260 ||| ENCHANTING +2 spectral war axe.
 12590 | Lair:3   | Found a staircase to the Swamp.
 12592 | Lair:3   | 12592 ||| INVOKING Heroism.
 12593 | Lair:3   | 12593 ||| Stepping ~*~*~tactically~*~*~ (hiding).
 12665 | Lair:3   | 12665 ||| DROPPING scarf of invisibility.
 12666 | Lair:3   | 12666 ||| UPGRADING to +0 pair of boots.
 12671 | Lair:3   | 12671 ||| READING 2 scrolls of enchant armour.
 12671 | Lair:3   | 12671 ||| ENCHANTING +0 pair of boots.
 12672 | Lair:3   | 12672 ||| READING scroll of enchant armour.
 12672 | Lair:3   | 12672 ||| ENCHANTING +1 pair of boots.
 12690 | Lair:4   | 12690 ||| Stepping ~*~*~tactically~*~*~ (stealth).
 12699 | Lair:4   | 12699 ||| Stepping ~*~*~tactically~*~*~ (stealth).
 12701 | Lair:4   | 12701 ||| Stepping ~*~*~tactically~*~*~ (stealth).
 12703 | Lair:4   | 12703 ||| INVOKING Heroism.
 12708 | Lair:4   | 12708 ||| Stepping ~*~*~tactically~*~*~ (hiding).
 12751 | Lair:4   | 12751 ||| INVOKING Heroism.
 12818 | Lair:4   | 12818 ||| Stepping ~*~*~tactically~*~*~ (stealth).
 12819 | Lair:4   | 12819 ||| INVOKING Heroism.
 12823 | Lair:4   | Reached skill level 9 in Invocations
 12862 | Lair:4   | 12862 ||| Stepping ~*~*~tactically~*~*~ (hiding).
 12960 | Lair:4   | 12960 ||| Stepping ~*~*~tactically~*~*~ (stealth).
 12969 | Lair:4   | 12969 ||| INVOKING Heroism.
 13165 | Lair:4   | 13165 ||| INVOKING Heroism.
 13214 | Lair:4   | 13214 ||| Stepping ~*~*~tactically~*~*~ (stealth).
 13218 | Lair:4   | 13218 ||| INVOKING Heroism.
 13605 | Lair:5   | Entered Level 5 of the Lair of Beasts
 13606 | Lair:5   | 13606 ||| INVOKING Heroism.
 13690 | Lair:5   | 13690 ||| INVOKING Heroism.
 13725 | Lair:5   | 13725 ||| Stepping ~*~*~tactically~*~*~ (hiding).
 13726 | Lair:5   | 13726 ||| Stepping ~*~*~tactically~*~*~ (hiding).
 13728 | Lair:5   | 13728 ||| Stepping ~*~*~tactically~*~*~ (hiding).
 13729 | Lair:5   | 13729 ||| Stepping ~*~*~tactically~*~*~ (hiding).
 13796 | Lair:5   | 13796 ||| Stepping ~*~*~tactically~*~*~ (hiding).
 13800 | Lair:5   | 13800 ||| INVOKING Heroism.
 13815 | Lair:5   | Gained mutation: Your large and strong wings let you fly.
                  | [Gargoyle growth]
 13815 | Lair:5   | Reached XP level 14. HP: 88/88 MP: 19/21
 13836 | Lair:5   | 13836 ||| Stepping ~*~*~tactically~*~*~ (hiding).
 13838 | Lair:5   | 13838 ||| SWAPPING to +0 flail.
 13844 | Lair:5   | 13844 ||| SWAPPING to +3 spectral war axe.
 13891 | Lair:5   | 13891 ||| Stepping ~*~*~tactically~*~*~ (hiding).
 14003 | Lair:5   | Found a burning altar of Makhleb.
 14004 | Lair:5   | 14004 ||| Stepping ~*~*~tactically~*~*~ (hiding).
 14060 | Lair:5   | Found a gateway to Hell.
 14067 | Lair:5   | Identified the amulet "Nelaolot" {RegenMP rF+ rC+ Dex+3}
 14187 | Lair:5   | 14187 ||| INVOKING Heroism.
 14192 | Lair:5   | 14192 ||| SWAPPING to +0 flail.
 14198 | Lair:5   | 14198 ||| SWAPPING to +3 spectral war axe.
 14385 | Lair:5   | 14385 ||| Stepping ~*~*~tactically~*~*~ (stealth).
 14585 | Lair:5   | Found a viscous altar of Jiyva.
 14585 | Lair:5   | Found a staircase to the Slime Pits.
 14689 | Lair:5   | 14689 ||| Stepping ~*~*~tactically~*~*~ (hiding).
 14802 | Lair:5   | 14802 ||| PLANNING D
 14802 | Lair:5   | 14802 ||| UPGRADING to amulet "Nelaolot" {RegenMP rF+ rC+
                  | Dex+3}.
 14812 | Lair:5   | 14812 ||| UPGRADING to +5 ring mail "Xuukk" {Regen+ Dex-5
                  | SInv}.
 14958 | D:12     | Reached skill level 12 in Shields
 14964 | D:12     | Noticed Rupert
 14965 | D:12     | 14965 ||| Stepping ~*~*~tactically~*~*~ (stealth).
 14966 | D:12     | 14966 ||| Stepping ~*~*~tactically~*~*~ (stealth).
 14970 | D:12     | 14970 ||| Stepping ~*~*~tactically~*~*~ (stealth).
 14979 | D:12     | 14979 ||| INVOKING Heroism.
 14983 | D:12     | 14983 ||| INVOKING Finesse.
 14992 | D:12     | Killed Rupert
 15046 | D:12     | Noticed Lodul
 15047 | D:12     | 15047 ||| Stepping ~*~*~tactically~*~*~ (hiding).
 15069 | D:12     | Killed Lodul
 15227 | D:12     | Noticed Gastronok
 15229 | D:12     | 15229 ||| FLEEEEING.
 15230 | D:12     | 15230 ||| FLEEEEING.
 15231 | D:12     | 15231 ||| FLEEEEING.
 15232 | D:12     | 15232 ||| FLEEEEING.
 15233 | D:12     | 15233 ||| FLEEEEING.
 15234 | D:12     | 15234 ||| FLEEEEING.
 15235 | D:12     | 15235 ||| FLEEEEING.
 15242 | D:12     | 15242 ||| Stepping ~*~*~tactically~*~*~ (hiding).
 15243 | D:12     | 15243 ||| Stepping ~*~*~tactically~*~*~ (hiding).
 15256 | D:12     | Killed Gastronok
 15666 | D:12     | 15666 ||| INVOKING Heroism.
 15673 | D:12     | 15673 ||| INVOKING Finesse.
 15691 | D:12     | 15691 ||| SWAPPING to +0 flail.
 15699 | D:12     | 15699 ||| SWAPPING to +3 spectral war axe.
 15815 | D:12     | 15815 ||| UPGRADING to amulet of faith.
 15825 | D:12     | 15825 ||| UPGRADING to +9 plate armour of the Sun {Harm
                  | rCorr}.
 15900 | D:13     | Reached skill level 11 in Armour
 15971 | D:13     | 15971 ||| INVOKING Heroism.
 15972 | D:13     | 15972 ||| INVOKING Finesse.
 16069 | D:13     | 16069 ||| INVOKING Heroism.
 16275 | D:13     | Reached skill level 15 in Axes
 16488 | D:13     | Identified the +3 ring mail "Nedibiru" {Str+6}
 16567 | D:13     | 16567 ||| INVOKING Heroism.
 16569 | D:13     | 16569 ||| READING 7 scrolls of teleportation.
 16636 | D:13     | 16636 ||| INVOKING Heroism.
 16849 | D:13     | 16849 ||| UPGRADING to +1 kite shield of protection.
 16859 | D:13     | 16859 ||| DROPPING +0 kite shield.
 16874 | D:14     | 16874 ||| INVOKING Heroism.
 16887 | D:14     | Reached skill level 12 in Fighting
 16889 | D:14     | Received a gift from Okawaru
 17051 | D:14     | 17051 ||| Stepping ~*~*~tactically~*~*~ (hiding).
 17080 | D:14     | Found Puceri's Book Boutique.
 17120 | D:14     | 17120 ||| Stepping ~*~*~tactically~*~*~ (hiding).
 17122 | D:14     | 17122 ||| Stepping ~*~*~tactically~*~*~ (hiding).
 17157 | D:14     | 17157 ||| Stepping ~*~*~tactically~*~*~ (hiding).
 17325 | D:14     | Reached XP level 15. HP: 92/96 MP: 22/22
 17343 | D:14     | Identified the +5 scale mail of Melancholy {Str+4}
 17379 | D:14     | Reached skill level 3 in Dodging
 17408 | D:14     | 17408 ||| READING scroll of enchant weapon.
 17408 | D:14     | 17408 ||| ENCHANTING +3 spectral war axe.
 17414 | D:14     | Found a gate to the Vaults.
 17421 | D:14     | Identified the +3 ring mail of Temperance {Str+4} (Okawaru
                  | gifted it to you on level 14 of the Dungeon)
 17421 | D:14     | Received a gift from Okawaru
 17547 | D:14     | 17547 ||| DROPPING +2 pair of boots.
 17548 | D:14     | 17548 ||| UPGRADING to +0 tower shield.
 17558 | D:14     | 17558 ||| DROPPING +1 kite shield of protection.
 17559 | D:14     | 17559 ||| UPGRADING to +4 ring of slaying {mikee}.
 17600 | D:15     | Entered Level 15 of the Dungeon
 17610 | D:15     | 17610 ||| INVOKING Heroism.
 17637 | D:15     | 17637 ||| Stepping ~*~*~tactically~*~*~ (stealth).
 17640 | D:15     | 17640 ||| Stepping ~*~*~tactically~*~*~ (hiding).
 17641 | D:15     | 17641 ||| Stepping ~*~*~tactically~*~*~ (hiding).
 17644 | D:15     | 17644 ||| Stepping ~*~*~tactically~*~*~ (hiding).
 17654 | D:15     | 17654 ||| INVOKING Heroism.
 17657 | D:15     | 17657 ||| Stepping ~*~*~tactically~*~*~ (hiding).
 17680 | D:15     | 17680 ||| Stepping ~*~*~tactically~*~*~ (stealth).
 17686 | D:15     | 17686 ||| Stepping ~*~*~tactically~*~*~ (stealth).
 17716 | D:15     | 17716 ||| INVOKING Heroism.
 17716 | D:15     | Paralysed by a floating eye for 2 turns
 17905 | D:15     | 17905 ||| Stepping ~*~*~tactically~*~*~ (hiding).
 17944 | D:15     | 17944 ||| Stepping ~*~*~tactically~*~*~ (stealth).
 17955 | D:15     | 17955 ||| Stepping ~*~*~tactically~*~*~ (stealth).
 17957 | D:15     | 17957 ||| INVOKING Heroism.
 17983 | D:15     | Found a staircase to the Depths.
 18025 | D:15     | 18025 ||| INVOKING Heroism.
 18205 | D:15     | 18205 ||| Stepping ~*~*~tactically~*~*~ (hiding).
 18267 | D:15     | 18267 ||| Stepping ~*~*~tactically~*~*~ (hiding).
 18428 | D:15     | 18428 ||| Stepping ~*~*~tactically~*~*~ (hiding).
 18430 | D:15     | 18430 ||| Stepping ~*~*~tactically~*~*~ (hiding).
 18431 | D:15     | 18431 ||| Stepping ~*~*~tactically~*~*~ (hiding).
 18435 | D:15     | Received a gift from Okawaru
 18442 | D:15     | 18442 ||| INVOKING Heroism.
 18509 | D:15     | 18509 ||| UPGRADING to +5 ring of evasion.
 18754 | D:15     | 18754 ||| Stepping ~*~*~tactically~*~*~ (stealth).
 18765 | D:15     | 18765 ||| FLEEEEING.
 18766 | D:15     | 18766 ||| FLEEEEING.
 18767 | D:15     | 18767 ||| FLEEEEING.
 18768 | D:15     | 18768 ||| FLEEEEING.
 18776 | D:15     | 18776 ||| INVOKING Heroism.
 18852 | D:15     | 18852 ||| PLANNING ORC
 18970 | Orc:1    | Entered Level 1 of the Orcish Mines
 18971 | Orc:1    | 18971 ||| Stepping ~*~*~tactically~*~*~ (hiding).
 18972 | Orc:1    | 18972 ||| Stepping ~*~*~tactically~*~*~ (hiding).
 18973 | Orc:1    | 18973 ||| Stepping ~*~*~tactically~*~*~ (hiding).
 18975 | Orc:1    | 18975 ||| Stepping ~*~*~tactically~*~*~ (hiding).
 18980 | Orc:1    | 18980 ||| INVOKING Heroism.
 18981 | Orc:1    | 18981 ||| INVOKING Finesse.
 18984 | Orc:1    | Reached skill level 15 in Shields
 19032 | Orc:1    | 19032 ||| DROPPING +0 flail.
 19075 | Orc:1    | 19075 ||| FLEEEEING.
 19076 | Orc:1    | 19076 ||| FLEEEEING.
 19077 | Orc:1    | 19077 ||| FLEEEEING.
 19078 | Orc:1    | 19078 ||| FLEEEEING.
 19079 | Orc:1    | 19079 ||| FLEEEEING.
 19080 | Orc:1    | 19080 ||| FLEEEEING.
 19081 | Orc:1    | 19081 ||| FLEEEEING.
 19082 | Orc:1    | 19082 ||| FLEEEEING.
 19083 | Orc:1    | 19083 ||| FLEEEEING.
 19084 | Orc:1    | 19084 ||| FLEEEEING.
 19085 | Orc:1    | 19085 ||| FLEEEEING.
 19086 | Orc:1    | 19086 ||| FLEEEEING.
 19087 | Orc:1    | 19087 ||| FLEEEEING.
 19088 | Orc:1    | 19088 ||| STAIRDANCE
 19177 | Orc:1    | 19177 ||| FLEEEEING.
 19178 | Orc:1    | 19178 ||| FLEEEEING.
 19179 | Orc:1    | 19179 ||| FLEEEEING.
 19180 | Orc:1    | 19180 ||| FLEEEEING.
 19181 | Orc:1    | 19181 ||| FLEEEEING.
 19182 | Orc:1    | 19182 ||| STAIRDANCE
 19283 | Orc:1    | 19283 ||| Stepping ~*~*~tactically~*~*~ (hiding).
 19325 | Orc:1    | 19325 ||| FLEEEEING.
 19326 | Orc:1    | 19326 ||| FLEEEEING.
 19418 | Orc:1    | Found a frozen archway.
 19438 | Orc:1    | 19438 ||| Stepping ~*~*~tactically~*~*~ (stealth).
 19554 | Orc:1    | 19554 ||| Stepping ~*~*~tactically~*~*~ (hiding).
 19559 | Orc:1    | 19559 ||| INVOKING Heroism.
 19636 | Orc:2    | Entered Level 2 of the Orcish Mines
 19650 | Orc:2    | 19650 ||| Stepping ~*~*~tactically~*~*~ (hiding).
 19651 | Orc:2    | 19651 ||| Stepping ~*~*~tactically~*~*~ (hiding).
 19709 | Orc:2    | 19709 ||| Stepping ~*~*~tactically~*~*~ (hiding).
 19723 | Orc:2    | 19723 ||| Stepping ~*~*~tactically~*~*~ (stealth).
 19726 | Orc:2    | 19726 ||| Stepping ~*~*~tactically~*~*~ (stealth).
 19727 | Orc:2    | 19727 ||| Stepping ~*~*~tactically~*~*~ (stealth).
 19728 | Orc:2    | 19728 ||| Stepping ~*~*~tactically~*~*~ (stealth).
 19731 | Orc:2    | 19731 ||| Stepping ~*~*~tactically~*~*~ (hiding).
 19772 | Orc:2    | 19772 ||| FLEEEEING.
 19773 | Orc:2    | 19773 ||| FLEEEEING.
 19774 | Orc:2    | 19774 ||| FLEEEEING.
 19775 | Orc:2    | 19775 ||| FLEEEEING.
 19776 | Orc:2    | 19776 ||| FLEEEEING.
 19777 | Orc:2    | 19777 ||| FLEEEEING.
 19778 | Orc:2    | 19778 ||| FLEEEEING.
 19779 | Orc:2    | 19779 ||| FLEEEEING.
 19780 | Orc:2    | 19780 ||| FLEEEEING.
 19781 | Orc:2    | 19781 ||| FLEEEEING.
 19782 | Orc:2    | 19782 ||| FLEEEEING.
 19783 | Orc:2    | 19783 ||| FLEEEEING.
 19784 | Orc:2    | 19784 ||| FLEEEEING.
 19785 | Orc:2    | 19785 ||| FLEEEEING.
 19786 | Orc:2    | 19786 ||| STAIRDANCE
 19798 | Orc:1    | 19798 ||| Stepping ~*~*~tactically~*~*~ (stealth).
 19866 | Orc:2    | 19866 ||| Stepping ~*~*~tactically~*~*~ (stealth).
 19967 | Orc:2    | Found a staircase to the Elven Halls.
 19968 | Orc:2    | 19968 ||| INVOKING Heroism.
 19971 | Orc:2    | Paralysed by an orc sorcerer for 3 turns
 20050 | Orc:2    | Found Fucirhuf's Gadget Gallery.
 20072 | Orc:2    | 20072 ||| Stepping ~*~*~tactically~*~*~ (stealth).
 20108 | Orc:2    | 20108 ||| Stepping ~*~*~tactically~*~*~ (stealth).
 20135 | Orc:2    | 20135 ||| Stepping ~*~*~tactically~*~*~ (hiding).
 20141 | Orc:2    | 20141 ||| FLEEEEING.
 20142 | Orc:2    | 20142 ||| FLEEEEING.
 20143 | Orc:2    | 20143 ||| FLEEEEING.
 20144 | Orc:2    | 20144 ||| FLEEEEING.
 20145 | Orc:2    | 20145 ||| FLEEEEING.
 20147 | Orc:2    | 20147 ||| FLEEEEING.
 20150 | Orc:2    | 20150 ||| FLEEEEING.
 20151 | Orc:2    | 20151 ||| FLEEEEING.
 20152 | Orc:2    | 20152 ||| FLEEEEING.
 20153 | Orc:2    | 20153 ||| FLEEEEING.
 20189 | Orc:2    | 20189 ||| Stepping ~*~*~tactically~*~*~ (stealth).
 20195 | Orc:2    | 20195 ||| INVOKING Heroism.
 20222 | Orc:2    | Found Ziepterch's Magic Scroll Shop.
 20222 | Orc:2    | Found Suhug's Antique Armour Boutique.
 20222 | Orc:2    | Found Lyemog's Book Boutique.
 20260 | Orc:2    | 20260 ||| Stepping ~*~*~tactically~*~*~ (hiding).
 20317 | Orc:2    | 20317 ||| Stepping ~*~*~tactically~*~*~ (stealth).
 20319 | Orc:2    | Found Viwaival's Armour Shop.
 20325 | Orc:2    | 20325 ||| BUYING scroll of brand weapon (152 gold).
 20325 | Orc:2    | Bought a scroll of brand weapon for 152 gold pieces
 20325 | Orc:2    | 20325 ||| BUYING scroll of enchant weapon (120 gold).
 20325 | Orc:2    | Bought a scroll of enchant weapon for 120 gold pieces
 20325 | Orc:2    | 20325 ||| BUYING scroll of enchant weapon (120 gold).
 20325 | Orc:2    | Bought a scroll of enchant weapon for 120 gold pieces
 20325 | Orc:2    | 20325 ||| BUYING scroll of teleportation (48 gold).
 20325 | Orc:2    | Bought a scroll of teleportation for 48 gold pieces
 20325 | Orc:2    | 20325 ||| READING 2 scrolls of enchant weapon.
 20325 | Orc:2    | 20325 ||| ENCHANTING +4 spectral war axe.
 20326 | Orc:2    | 20326 ||| READING scroll of enchant weapon.
 20326 | Orc:2    | 20326 ||| ENCHANTING +5 spectral war axe.
 20329 | Orc:2    | 20329 ||| BUYING distressingly furry plate armour (784
                  | gold).
 20329 | Orc:2    | Bought a distressingly furry plate armour for 784 gold
                  | pieces
 20329 | Orc:2    | Identified the +5 plate armour of the Gazing Gods {Int+3}
                  | (You bought it in a shop on level 2 of the Orcish Mines)
 20329 | Orc:2    | 20329 ||| BUYING glowing hat (196 gold).
 20329 | Orc:2    | Bought a glowing hat for 196 gold pieces
 20347 | Orc:2    | 20347 ||| Stepping ~*~*~tactically~*~*~ (hiding).
 20696 | Orc:2    | 20696 ||| PLANNING SWAMP:1-3
 20696 | Orc:2    | 20696 ||| DROPPING +0 plate armour.
 20697 | Orc:2    | 20697 ||| DROPPING +5 ring mail "Xuukk" {Regen+ Dex-5
                  | SInv}.
 20698 | Orc:2    | 20698 ||| UPGRADING to +5 plate armour of the Gazing Gods
                  | {Int+3}.
 20708 | Orc:2    | 20708 ||| DROPPING +1 hat.
 20798 | Swamp:1  | Entered Level 1 of the Swamp
 20803 | Swamp:1  | Received a gift from Okawaru
 20805 | Swamp:1  | 20805 ||| Stepping ~*~*~tactically~*~*~ (cloud).
 20806 | Swamp:1  | 20806 ||| INVOKING Heroism.
 20812 | Swamp:1  | Reached XP level 16. HP: 54/101 MP: 20/23
 20814 | Swamp:1  | 20814 ||| Stepping ~*~*~tactically~*~*~ (cloud).
 20960 | Swamp:1  | 20960 ||| FLEEEEING.
 20961 | Swamp:1  | Noticed Louise
 20962 | Swamp:1  | 20962 ||| FLEEEEING.
 20963 | Swamp:1  | 20963 ||| FLEEEEING.
 20964 | Swamp:1  | 20964 ||| INVOKING Heroism.
 20965 | Swamp:1  | 20965 ||| INVOKING Finesse.
 20978 | Swamp:1  | Killed Louise
 21113 | Swamp:1  | 21113 ||| DROPPING +0 morningstar.
 21132 | Swamp:1  | 21132 ||| Stepping ~*~*~tactically~*~*~ (hiding).
 21134 | Swamp:1  | 21134 ||| Stepping ~*~*~tactically~*~*~ (hiding).
 21137 | Swamp:1  | 21137 ||| INVOKING Heroism.
 21277 | Swamp:1  | 21277 ||| INVOKING Heroism.
 21279 | Swamp:1  | 21279 ||| Stepping ~*~*~tactically~*~*~ (hiding).
 21281 | Swamp:1  | 21281 ||| INVOKING Finesse.
 21290 | Swamp:1  | 21290 ||| SWAPPING to +7 eveningstar of protection.
 21294 | Swamp:1  | 21294 ||| SWAPPING to +6 spectral war axe.
 21354 | Swamp:1  | 21354 ||| Stepping ~*~*~tactically~*~*~ (hiding).
 21389 | Swamp:1  | 21389 ||| INVOKING Heroism.
 21455 | Swamp:1  | 21455 ||| Stepping ~*~*~tactically~*~*~ (cloud).
 21546 | Swamp:1  | 21546 ||| DROPPING +0 broad axe of venom.
 21754 | Swamp:1  | 21754 ||| Stepping ~*~*~tactically~*~*~ (hiding).
 21755 | Swamp:1  | 21755 ||| INVOKING Heroism.
 21895 | Swamp:1  | 21895 ||| DROPPING +2 pair of boots.
 21896 | Swamp:1  | 21896 ||| DROPPING +1 pair of gloves of dexterity.
 21897 | Swamp:1  | 21897 ||| DROPPING ring of see invisible.
 21940 | Swamp:2  | 21940 ||| Stepping ~*~*~tactically~*~*~ (hiding).
 21941 | Swamp:2  | 21941 ||| Stepping ~*~*~tactically~*~*~ (hiding).
 21942 | Swamp:2  | 21942 ||| Stepping ~*~*~tactically~*~*~ (hiding).
 22050 | Swamp:2  | 22050 ||| Stepping ~*~*~tactically~*~*~ (hiding).
 22058 | Swamp:2  | 22058 ||| INVOKING Heroism.
 22069 | Swamp:2  | Identified the +2 pair of boots of Anaesthesia {Harm
                  | Rampage *Slow rN++} (Okawaru gifted it to you on level 2 of
                  | the Swamp)
 22069 | Swamp:2  | Received a gift from Okawaru
 22132 | Swamp:2  | 22132 ||| INVOKING Heroism.
 22133 | Swamp:2  | 22133 ||| INVOKING Finesse.
 22139 | Swamp:2  | 22139 ||| SWAPPING to +7 eveningstar of protection.
 22144 | Swamp:2  | 22144 ||| SWAPPING to +6 spectral war axe.
 22150 | Swamp:2  | Reached skill level 12 in Armour
 22256 | Swamp:2  | Noticed Mlioglotl
 22257 | Swamp:2  | 22257 ||| INVOKING Heroism.
 22258 | Swamp:2  | 22258 ||| Stepping ~*~*~tactically~*~*~ (stealth).
 22259 | Swamp:2  | 22259 ||| INVOKING Finesse.
 22267 | Swamp:2  | Noticed a fenstrider witch
 22269 | Swamp:2  | Killed Mlioglotl
 22277 | Swamp:2  | Killed a fenstrider witch
 22293 | Swamp:2  | 22293 ||| Stepping ~*~*~tactically~*~*~ (hiding).
 22294 | Swamp:2  | 22294 ||| Stepping ~*~*~tactically~*~*~ (hiding).
 22413 | Swamp:2  | 22413 ||| INVOKING Heroism.
 22500 | Swamp:2  | 22500 ||| DROPPING +0 broad axe of electrocution.
 22755 | Swamp:2  | 22755 ||| DROPPING +2 pair of boots of Anaesthesia {Harm
                  | Rampage *Slow rN++}.
 22775 | Swamp:3  | 22775 ||| INVOKING Heroism.
 22811 | Swamp:3  | 22811 ||| Stepping ~*~*~tactically~*~*~ (cloud).
 22897 | Swamp:3  | 22897 ||| INVOKING Heroism.
 23087 | Swamp:3  | 23087 ||| Stepping ~*~*~tactically~*~*~ (hiding).
 23088 | Swamp:3  | 23088 ||| Stepping ~*~*~tactically~*~*~ (hiding).
 23088 | Swamp:3  | Noticed a thorn hunter
 23089 | Swamp:3  | 23089 ||| Stepping ~*~*~tactically~*~*~ (hiding).
 23091 | Swamp:3  | 23091 ||| INVOKING Heroism.
 23098 | Swamp:3  | Killed a thorn hunter
 23219 | Swamp:3  | 23219 ||| INVOKING Heroism.
 23220 | Swamp:3  | 23220 ||| SWAPPING to +7 eveningstar of protection.
 23225 | Swamp:3  | 23225 ||| SWAPPING to +6 spectral war axe.
 23334 | Swamp:3  | 23334 ||| FLEEEEING.
 23335 | Swamp:3  | 23335 ||| FLEEEEING.
 23338 | Swamp:3  | 23338 ||| FLEEEEING.
 23349 | Swamp:3  | 23349 ||| FLEEEEING.
 23350 | Swamp:3  | 23350 ||| FLEEEEING.
 23351 | Swamp:3  | 23351 ||| FLEEEEING.
 23352 | Swamp:3  | 23352 ||| FLEEEEING.
 23353 | Swamp:3  | 23353 ||| FLEEEEING.
 23391 | Swamp:3  | 23391 ||| INVOKING Heroism.
 23395 | Swamp:3  | 23395 ||| SWAPPING to +7 eveningstar of protection.
 23397 | Swamp:3  | 23397 ||| SWAPPING to +6 spectral war axe.
 23402 | Swamp:3  | 23402 ||| SWAPPING to +7 eveningstar of protection.
 23406 | Swamp:3  | 23406 ||| SWAPPING to +6 spectral war axe.
 23478 | Swamp:3  | 23478 ||| INVOKING Heroism.
 23650 | Swamp:3  | 23650 ||| PLANNING SPIDER:1-3
 23650 | Swamp:3  | 23650 ||| DROPPING +1 helmet of intelligence.
 23762 | Spider:1 | Entered Level 1 of the Spider Nest
 23785 | Spider:1 | 23785 ||| Stepping ~*~*~tactically~*~*~ (stealth).
 23786 | Spider:1 | 23786 ||| Stepping ~*~*~tactically~*~*~ (stealth).
 23849 | Spider:1 | Received a gift from Okawaru
 23850 | Spider:1 | Reached skill level 13 in Armour
 23884 | Spider:1 | Reached XP level 17. HP: 103/108 MP: 24/24
 23951 | Spider:1 | Noticed Josephine
 23958 | Spider:1 | Killed Josephine
 23973 | Spider:1 | 23973 ||| FLEEEEING.
 23978 | Spider:1 | 23978 ||| FLEEEEING.
 23979 | Spider:1 | 23979 ||| FLEEEEING.
 24065 | Spider:2 | Noticed Jorgrun
 24067 | Spider:2 | Noticed Azrael
 24070 | Spider:2 | 24070 ||| INVOKING Heroism.
 24076 | Spider:2 | Killed Jorgrun
 24078 | Spider:2 | 24078 ||| STAIRDANCE
 24086 | Spider:1 | 24086 ||| INVOKING Heroism.
 24089 | Spider:1 | HP: 22/108 [demonic crawler (11)]
 24090 | Spider:1 | 24090 ||| READING 11 scrolls of teleportation.
 24091 | Spider:1 | 24091 ||| DRINKING 10 potions of heal wounds.
 24271 | Spider:2 | 24271 ||| INVOKING Heroism.
 24278 | Spider:2 | Killed Azrael
 24414 | Spider:2 | 24414 ||| Stepping ~*~*~tactically~*~*~ (stealth).
 24429 | Spider:2 | 24429 ||| Stepping ~*~*~tactically~*~*~ (stealth).
 24463 | Spider:2 | Identified the +1 robe of the Stone Wall {Int+3}
 24642 | Spider:1 | 24642 ||| Stepping ~*~*~tactically~*~*~ (stealth).
 24649 | Spider:1 | 24649 ||| Stepping ~*~*~tactically~*~*~ (stealth).
 24653 | Spider:1 | Received a gift from Okawaru
 24659 | Spider:1 | 24659 ||| INVOKING Heroism.
 24661 | Spider:1 | 24661 ||| INVOKING Finesse.
 24758 | Spider:1 | 24758 ||| Stepping ~*~*~tactically~*~*~ (stealth).
 24817 | Spider:1 | Reached skill level 18 in Shields
 24864 | Spider:1 | 24864 ||| INVOKING Finesse.
 24866 | Spider:1 | 24866 ||| Stepping ~*~*~tactically~*~*~ (hiding).
 24905 | Spider:1 | 24905 ||| Stepping ~*~*~tactically~*~*~ (hiding).
 24908 | Spider:1 | 24908 ||| INVOKING Heroism.
 24956 | Spider:1 | 24956 ||| Stepping ~*~*~tactically~*~*~ (stealth).
 25167 | Spider:2 | 25167 ||| Stepping ~*~*~tactically~*~*~ (stealth).
 25272 | Spider:2 | 25272 ||| FLEEEEING.
 25274 | Spider:2 | 25274 ||| FLEEEEING.
 25485 | Spider:2 | Reached skill level 14 in Armour
 25486 | Spider:2 | 25486 ||| INVOKING Finesse.
 25607 | Spider:2 | 25607 ||| INVOKING Finesse.
 25661 | Spider:2 | 25661 ||| Stepping ~*~*~tactically~*~*~ (hiding).
 25665 | Spider:2 | 25665 ||| INVOKING Heroism.
 25669 | Spider:2 | Received a gift from Okawaru
 25774 | Spider:2 | 25774 ||| Stepping ~*~*~tactically~*~*~ (stealth).
 25775 | Spider:2 | 25775 ||| Stepping ~*~*~tactically~*~*~ (stealth).
 25781 | Spider:2 | 25781 ||| INVOKING Finesse.
 25900 | Spider:2 | 25900 ||| Stepping ~*~*~tactically~*~*~ (stealth).
 25912 | Spider:2 | 25912 ||| Stepping ~*~*~tactically~*~*~ (stealth).
 25913 | Spider:2 | 25913 ||| Stepping ~*~*~tactically~*~*~ (stealth).
 25944 | Spider:2 | 25944 ||| DROPPING +0 fire dragon scales.
 25945 | Spider:2 | 25945 ||| UPGRADING to +0 gold dragon scales.
 25955 | Spider:2 | 25955 ||| DROPPING scarf of invisibility.
 25956 | Spider:2 | 25956 ||| UPGRADING to +6 ring of strength.
 25958 | Spider:2 | 25958 ||| DROPPING +4 ring of slaying {mikee}.
 25982 | Spider:3 | 25982 ||| INVOKING Finesse.
 25984 | Spider:3 | 25984 ||| INVOKING Heroism.
 25988 | Spider:3 | Received a gift from Okawaru
 26086 | Spider:3 | 26086 ||| Stepping ~*~*~tactically~*~*~ (hiding).
 26105 | Spider:3 | 26105 ||| Stepping ~*~*~tactically~*~*~ (stealth).
 26105 | Spider:3 | Noticed Kirke
 26117 | Spider:3 | Noticed a sphinx
 26118 | Spider:3 | 26118 ||| DRINKING 4 potions of cancellation.
 26119 | Spider:3 | Noticed a sphinx
 26121 | Spider:3 | 26121 ||| INVOKING Heroism.
 26122 | Spider:3 | 26122 ||| DRINKING 3 potions of cancellation.
 26124 | Spider:3 | Killed Kirke
 26160 | Spider:3 | 26160 ||| Stepping ~*~*~tactically~*~*~ (stealth).
 26161 | Spider:3 | 26161 ||| INVOKING Heroism.
 26363 | Spider:3 | 26363 ||| Stepping ~*~*~tactically~*~*~ (stealth).
 26365 | Spider:3 | 26365 ||| Stepping ~*~*~tactically~*~*~ (stealth).
 26366 | Spider:3 | 26366 ||| INVOKING Heroism.
 26370 | Spider:3 | Reached skill level 6 in Throwing
 26376 | Spider:3 | 26376 ||| INVOKING Finesse.
 26423 | Spider:3 | 26423 ||| Stepping ~*~*~tactically~*~*~ (stealth).
 26454 | Spider:3 | 26454 ||| Stepping ~*~*~tactically~*~*~ (stealth).
 26488 | Spider:3 | 26488 ||| Stepping ~*~*~tactically~*~*~ (stealth).
 26502 | Spider:3 | Reached skill level 15 in Armour
 26521 | Spider:3 | Received a gift from Okawaru
 26624 | Spider:3 | 26624 ||| Stepping ~*~*~tactically~*~*~ (stealth).
 26625 | Spider:3 | 26625 ||| INVOKING Finesse.
 26626 | Spider:3 | 26626 ||| INVOKING Heroism.
 26635 | Spider:3 | Reached XP level 18. HP: 108/117 MP: 18/25
 26725 | Spider:3 | 26725 ||| DROPPING +7 eveningstar of protection.
 26900 | Spider:3 | 26900 ||| Stepping ~*~*~tactically~*~*~ (stealth).
 26902 | Spider:3 | 26902 ||| Stepping ~*~*~tactically~*~*~ (stealth).
 27228 | Spider:3 | 27228 ||| PLANNING SWAMP:4
 27406 | Swamp:4  | Entered Level 4 of the Swamp
 27407 | Swamp:4  | 27407 ||| INVOKING Heroism.
 27417 | Swamp:4  | Reached skill level 16 in Armour
 27431 | Swamp:4  | Reached skill level 15 in Fighting
 27438 | Swamp:4  | Identified the scarf "Ditteta" {+Inv, SInv} (Okawaru gifted
                  | it to you on level 4 of the Swamp)
 27438 | Swamp:4  | Received a gift from Okawaru
 27443 | Swamp:4  | 27443 ||| Stepping ~*~*~tactically~*~*~ (hiding).
 27449 | Swamp:4  | 27449 ||| INVOKING Heroism.
 27457 | Swamp:4  | 27457 ||| FLEEEEING.
 27458 | Swamp:4  | 27458 ||| STAIRDANCE
 27657 | Swamp:4  | 27657 ||| INVOKING Heroism.
 27667 | Swamp:4  | 27667 ||| Stepping ~*~*~tactically~*~*~ (stealth).
 27671 | Swamp:4  | 27671 ||| Stepping ~*~*~tactically~*~*~ (stealth).
 27712 | Swamp:4  | 27712 ||| Stepping ~*~*~tactically~*~*~ (stealth).
 27726 | Swamp:4  | 27726 ||| Stepping ~*~*~tactically~*~*~ (stealth).
 27731 | Swamp:4  | 27731 ||| INVOKING Heroism.
 27751 | Swamp:4  | HP: 25/119 [15-headed hydra (6)]
 27752 | Swamp:4  | 27752 ||| READING 10 scrolls of teleportation.
 27752 | Swamp:4  | HP: 12/119 [15-headed hydra (1)]
 27753 | Swamp:4  | 27753 ||| DRINKING 9 potions of heal wounds.
 27754 | Swamp:4  | 27754 ||| DRINKING 8 potions of heal wounds.
 27757 | Swamp:4  | 27757 ||| READING 9 scrolls of teleportation.
 27758 | Swamp:4  | 27758 ||| DRINKING 7 potions of heal wounds.
 27776 | Swamp:4  | Reached skill level 17 in Armour
 27806 | Swamp:4  | 27806 ||| INVOKING Heroism.
 27812 | Swamp:4  | 27812 ||| Stepping ~*~*~tactically~*~*~ (stealth).
 27906 | Swamp:4  | 27906 ||| FLEEEEING.
 28008 | Swamp:4  | Identified the ring of Jobolem {Drain Fly rF+ rC++}
 28011 | Swamp:4  | Noticed Roxanne
 28012 | Swamp:4  | 28012 ||| INVOKING Heroism.
 28013 | Swamp:4  | 28013 ||| INVOKING Finesse.
 28028 | Swamp:4  | Killed Roxanne
 28149 | Swamp:4  | Noticed the 27-headed Lernaean hydra
 28150 | Swamp:4  | 28150 ||| Stepping ~*~*~tactically~*~*~ (hiding).
 28153 | Swamp:4  | 28153 ||| INVOKING Heroism.
 28159 | Swamp:4  | Killed the 25-headed Lernaean hydra
 28327 | Swamp:4  | Got a decaying rune of Zot
 28331 | Swamp:4  | 28331 ||| READING scroll of enchant armour.
 28331 | Swamp:4  | 28331 ||| ENCHANTING +0 gold dragon scales.
 28382 | Swamp:4  | Noticed a tentacled monstrosity
 28383 | Swamp:4  | 28383 ||| INVOKING Heroism.
 28389 | Swamp:4  | Killed a tentacled monstrosity
 28516 | Swamp:4  | 28516 ||| PLANNING VAULTS:1-4
 28516 | Swamp:4  | 28516 ||| DROPPING scarf "Ditteta" {+Inv, SInv}.
 28743 | Vaults:1 | Entered Level 1 of the Vaults
 28773 | Vaults:1 | 28773 ||| FLEEEEING.
 28780 | Vaults:1 | 28780 ||| FLEEEEING.
 28781 | Vaults:1 | 28781 ||| STAIRDANCE
 28898 | Vaults:1 | 28898 ||| Stepping ~*~*~tactically~*~*~ (stealth).
 28907 | Vaults:1 | 28907 ||| FLEEEEING.
 28908 | Vaults:1 | 28908 ||| FLEEEEING.
 28909 | Vaults:1 | 28909 ||| FLEEEEING.
 28910 | Vaults:1 | 28910 ||| FLEEEEING.
 28911 | Vaults:1 | 28911 ||| FLEEEEING.
 28912 | Vaults:1 | 28912 ||| FLEEEEING.
 28913 | Vaults:1 | 28913 ||| FLEEEEING.
 28914 | Vaults:1 | 28914 ||| STAIRDANCE
 28988 | Vaults:1 | 28988 ||| STAIRDANCE
 29170 | Vaults:1 | Found Sodilydats's Antique Weapon Shop.
 29186 | Vaults:1 | 29186 ||| Stepping ~*~*~tactically~*~*~ (hiding).
 29347 | Vaults:1 | 29347 ||| Stepping ~*~*~tactically~*~*~ (stealth).
 29352 | Vaults:1 | 29352 ||| Stepping ~*~*~tactically~*~*~ (hiding).
 29673 | Vaults:1 | Found a transporter.
 29675 | Vaults:1 | Identified the staff of cold "Ohonoq" {rC+ Str+4}
 29687 | Vaults:1 | Found a transporter.
 29803 | Vaults:1 | 29803 ||| INVOKING Heroism.
 29863 | Vaults:1 | 29863 ||| INVOKING Heroism.
 29872 | Vaults:1 | 29872 ||| Stepping ~*~*~tactically~*~*~ (hiding).
 29898 | Vaults:1 | Reached XP level 19. HP: 95/125 MP: 26/26
 29915 | Vaults:1 | 29915 ||| Stepping ~*~*~tactically~*~*~ (hiding).
 29918 | Vaults:1 | 29918 ||| FLEEEEING.
 29919 | Vaults:1 | 29919 ||| FLEEEEING.
 29920 | Vaults:1 | 29920 ||| FLEEEEING.
 29921 | Vaults:1 | 29921 ||| FLEEEEING.
 29922 | Vaults:1 | 29922 ||| FLEEEEING.
 29923 | Vaults:1 | 29923 ||| FLEEEEING.
 29924 | Vaults:1 | 29924 ||| FLEEEEING.
 29925 | Vaults:1 | 29925 ||| FLEEEEING.
 29927 | Vaults:1 | 29927 ||| FLEEEEING.
 29928 | Vaults:1 | 29928 ||| FLEEEEING.
 29929 | Vaults:1 | 29929 ||| FLEEEEING.
 29930 | Vaults:1 | 29930 ||| FLEEEEING.
 29931 | Vaults:1 | 29931 ||| FLEEEEING.
 29932 | Vaults:1 | 29932 ||| FLEEEEING.
 29933 | Vaults:1 | 29933 ||| FLEEEEING.
 29938 | Vaults:1 | 29938 ||| Stepping ~*~*~tactically~*~*~ (hiding).
 29939 | Vaults:1 | 29939 ||| INVOKING Heroism.
 29950 | Vaults:1 | 29950 ||| Stepping ~*~*~tactically~*~*~ (hiding).
 30079 | Vaults:1 | 30079 ||| INVOKING Heroism.
 30080 | Vaults:1 | 30080 ||| INVOKING Finesse.
 30412 | Vaults:1 | 30412 ||| Stepping ~*~*~tactically~*~*~ (hiding).
 30422 | Vaults:1 | 30422 ||| INVOKING Heroism.
 30779 | Vaults:2 | 30779 ||| STAIRDANCE
 30884 | Vaults:2 | 30884 ||| STAIRDANCE
 31038 | Vaults:2 | 31038 ||| Stepping ~*~*~tactically~*~*~ (hiding).
 31047 | Vaults:2 | 31047 ||| Stepping ~*~*~tactically~*~*~ (hiding).
 31052 | Vaults:2 | 31052 ||| INVOKING Heroism.
 31054 | Vaults:2 | Reached skill level 18 in Armour
 31269 | Vaults:2 | Received a gift from Okawaru
 31394 | Vaults:2 | 31394 ||| INVOKING Heroism.
 31395 | Vaults:2 | 31395 ||| INVOKING Finesse.
 31402 | Vaults:2 | Received a gift from Okawaru
 31454 | Vaults:2 | 31454 ||| FLEEEEING.
 31455 | Vaults:2 | 31455 ||| FLEEEEING.
 31456 | Vaults:2 | 31456 ||| FLEEEEING.
 31457 | Vaults:2 | 31457 ||| FLEEEEING.
 31458 | Vaults:2 | 31458 ||| FLEEEEING.
 31459 | Vaults:2 | 31459 ||| FLEEEEING.
 31460 | Vaults:2 | 31460 ||| FLEEEEING.
 31461 | Vaults:2 | 31461 ||| FLEEEEING.
 31462 | Vaults:2 | 31462 ||| FLEEEEING.
 31463 | Vaults:2 | 31463 ||| FLEEEEING.
 31464 | Vaults:2 | 31464 ||| FLEEEEING.
 31465 | Vaults:2 | 31465 ||| FLEEEEING.
 31466 | Vaults:2 | 31466 ||| FLEEEEING.
 31467 | Vaults:2 | 31467 ||| FLEEEEING.
 31468 | Vaults:2 | 31468 ||| FLEEEEING.
 31469 | Vaults:2 | 31469 ||| FLEEEEING.
 31470 | Vaults:2 | 31470 ||| FLEEEEING.
 31775 | Vaults:2 | Identified the +1 war axe "Feogy" {speed, rC+ Str+4 Int-2}
                  | (Okawaru gifted it to you on level 2 of the Vaults)
 31775 | Vaults:2 | Received a gift from Okawaru
 31776 | Vaults:2 | 31776 ||| INVOKING Heroism.
 32113 | Vaults:2 | Found a staircase to the Crypt.
 32113 | Vaults:2 | Found an ancient bone altar of Kikubaaqudgha.
 32113 | Vaults:2 | Found a basalt altar of Yredelemnul.
 32200 | Vaults:2 | 32200 ||| FLEEEEING.
 32201 | Vaults:2 | 32201 ||| FLEEEEING.
 32202 | Vaults:2 | 32202 ||| FLEEEEING.
 32203 | Vaults:2 | 32203 ||| FLEEEEING.
 32204 | Vaults:2 | 32204 ||| FLEEEEING.
 32205 | Vaults:2 | 32205 ||| FLEEEEING.
 32206 | Vaults:2 | 32206 ||| FLEEEEING.
 32208 | Vaults:2 | Noticed Margery
 32209 | Vaults:2 | 32209 ||| FLEEEEING.
 32210 | Vaults:2 | 32210 ||| FLEEEEING.
 32211 | Vaults:2 | 32211 ||| FLEEEEING.
 32212 | Vaults:2 | 32212 ||| FLEEEEING.
 32213 | Vaults:2 | 32213 ||| FLEEEEING.
 32214 | Vaults:2 | 32214 ||| FLEEEEING.
 32215 | Vaults:2 | 32215 ||| FLEEEEING.
 32216 | Vaults:2 | 32216 ||| FLEEEEING.
 32217 | Vaults:2 | 32217 ||| FLEEEEING.
 32218 | Vaults:2 | 32218 ||| FLEEEEING.
 32219 | Vaults:2 | 32219 ||| FLEEEEING.
 32220 | Vaults:2 | 32220 ||| FLEEEEING.
 32221 | Vaults:2 | 32221 ||| FLEEEEING.
 32222 | Vaults:2 | 32222 ||| FLEEEEING.
 32223 | Vaults:2 | 32223 ||| FLEEEEING.
 32224 | Vaults:2 | 32224 ||| FLEEEEING.
 32225 | Vaults:2 | 32225 ||| FLEEEEING.
 32226 | Vaults:2 | 32226 ||| FLEEEEING.
 32227 | Vaults:2 | 32227 ||| FLEEEEING.
 32228 | Vaults:2 | 32228 ||| FLEEEEING.
 32229 | Vaults:2 | 32229 ||| FLEEEEING.
 32241 | Vaults:2 | 32241 ||| Stepping ~*~*~tactically~*~*~ (hiding).
 32243 | Vaults:2 | 32243 ||| DRINKING 3 potions of resistance.
 32263 | Vaults:2 | Killed Margery
 32325 | Vaults:2 | 32325 ||| Stepping ~*~*~tactically~*~*~ (stealth).
 32328 | Vaults:2 | 32328 ||| Stepping ~*~*~tactically~*~*~ (stealth).
 32445 | Vaults:2 | 32445 ||| INVOKING Heroism.
 32639 | Vaults:2 | Received a gift from Okawaru
 32640 | Vaults:2 | 32640 ||| FLEEEEING.
 32641 | Vaults:2 | 32641 ||| FLEEEEING.
 32642 | Vaults:2 | 32642 ||| FLEEEEING.
 32647 | Vaults:2 | 32647 ||| INVOKING Heroism.
 32653 | Vaults:2 | Reached skill level 19 in Armour
 32837 | Vaults:2 | 32837 ||| Stepping ~*~*~tactically~*~*~ (hiding).
 32855 | Vaults:2 | 32855 ||| FLEEEEING.
 32863 | Vaults:2 | 32863 ||| FLEEEEING.
 32870 | Vaults:2 | 32870 ||| FLEEEEING.
 32871 | Vaults:2 | 32871 ||| FLEEEEING.
 32874 | Vaults:2 | 32874 ||| FLEEEEING.
 32875 | Vaults:2 | 32875 ||| FLEEEEING.
 32876 | Vaults:2 | 32876 ||| FLEEEEING.
 32877 | Vaults:2 | 32877 ||| FLEEEEING.
 32878 | Vaults:2 | 32878 ||| FLEEEEING.
 32879 | Vaults:2 | 32879 ||| FLEEEEING.
 32880 | Vaults:2 | 32880 ||| FLEEEEING.
 32881 | Vaults:2 | 32881 ||| FLEEEEING.
 32882 | Vaults:2 | 32882 ||| FLEEEEING.
 32883 | Vaults:2 | 32883 ||| FLEEEEING.
 33203 | Vaults:2 | 33203 ||| DROPPING +2 pair of gloves.
 33232 | Vaults:3 | 33232 ||| STAIRDANCE
 33336 | Vaults:3 | 33336 ||| STAIRDANCE
 33468 | Vaults:3 | Received a gift from Okawaru
 33575 | Vaults:3 | You are sucked into a shaft and drop 1 floor!
 33653 | Vaults:3 | 33653 ||| INVOKING Heroism.
 33777 | Vaults:3 | 33777 ||| Stepping ~*~*~tactically~*~*~ (stealth).
 33786 | Vaults:3 | 33786 ||| FLEEEEING.
 33949 | Vaults:3 | 33949 ||| Stepping ~*~*~tactically~*~*~ (stealth).
 34015 | Vaults:3 | Found Saomn's Armour Emporium.
 34016 | Vaults:3 | 34016 ||| Stepping ~*~*~tactically~*~*~ (hiding).
 34019 | Vaults:3 | 34019 ||| INVOKING Finesse.
 34025 | Vaults:3 | Received a gift from Okawaru
 34063 | Vaults:3 | 34063 ||| Stepping ~*~*~tactically~*~*~ (hiding).
 34064 | Vaults:3 | 34064 ||| Stepping ~*~*~tactically~*~*~ (hiding).
 34065 | Vaults:3 | 34065 ||| Stepping ~*~*~tactically~*~*~ (hiding).
 34066 | Vaults:3 | 34066 ||| Stepping ~*~*~tactically~*~*~ (hiding).
 34074 | Vaults:3 | Reached XP level 20. HP: 133/134 MP: 27/27
 34084 | Vaults:3 | Received a gift from Okawaru
 34222 | Vaults:3 | 34222 ||| Stepping ~*~*~tactically~*~*~ (hiding).
 34223 | Vaults:3 | 34223 ||| Stepping ~*~*~tactically~*~*~ (hiding).
 34224 | Vaults:3 | 34224 ||| Stepping ~*~*~tactically~*~*~ (hiding).
 34278 | Vaults:3 | 34278 ||| Stepping ~*~*~tactically~*~*~ (hiding).
 34320 | Vaults:3 | 34320 ||| FLEEEEING.
 34321 | Vaults:3 | 34321 ||| FLEEEEING.
 34569 | Vaults:3 | 34569 ||| Stepping ~*~*~tactically~*~*~ (hiding).
 34588 | Vaults:3 | Reached skill level 9 in Throwing
 34716 | Vaults:3 | 34716 ||| Stepping ~*~*~tactically~*~*~ (hiding).
 34724 | Vaults:3 | Received a gift from Okawaru
 34841 | Vaults:3 | 34841 ||| Stepping ~*~*~tactically~*~*~ (hiding).
 35061 | Vaults:3 | Reached ****** piety under Okawaru
 35061 | Vaults:3 | Identified the +3 ring mail of Verdant Tender Moments
                  | {rPois Str+4 Int-3} (Okawaru gifted it to you on level 3 of
                  | the Vaults)
 35061 | Vaults:3 | Received a gift from Okawaru
 35393 | Vaults:3 | 35393 ||| FLEEEEING.
 35394 | Vaults:3 | 35394 ||| FLEEEEING.
 35395 | Vaults:3 | 35395 ||| FLEEEEING.
 35396 | Vaults:3 | 35396 ||| FLEEEEING.
 35397 | Vaults:3 | 35397 ||| FLEEEEING.
 35398 | Vaults:3 | 35398 ||| FLEEEEING.
 35399 | Vaults:3 | 35399 ||| FLEEEEING.
 35400 | Vaults:3 | 35400 ||| FLEEEEING.
 35401 | Vaults:3 | 35401 ||| FLEEEEING.
 35409 | Vaults:3 | 35409 ||| STAIRDANCE
 35513 | Vaults:3 | 35513 ||| STAIRDANCE
 35618 | Vaults:3 | 35618 ||| STAIRDANCE
 35824 | Vaults:3 | 35824 ||| FLEEEEING.
 35825 | Vaults:3 | 35825 ||| FLEEEEING.
 35998 | Vaults:3 | 35998 ||| DROPPING ring of willpower.
 36183 | Vaults:4 | 36183 ||| Stepping ~*~*~tactically~*~*~ (stealth).
 36185 | Vaults:4 | 36185 ||| Stepping ~*~*~tactically~*~*~ (stealth).
 36190 | Vaults:4 | 36190 ||| Stepping ~*~*~tactically~*~*~ (hiding).
 36206 | Vaults:4 | 36206 ||| FLEEEEING.
 36207 | Vaults:4 | 36207 ||| FLEEEEING.
 36215 | Vaults:4 | 36215 ||| INVOKING Heroism.
 36497 | Vaults:4 | 36497 ||| FLEEEEING.
 36498 | Vaults:4 | 36498 ||| FLEEEEING.
 36499 | Vaults:4 | 36499 ||| FLEEEEING.
 36500 | Vaults:4 | 36500 ||| FLEEEEING.
 36501 | Vaults:4 | 36501 ||| FLEEEEING.
 36502 | Vaults:4 | 36502 ||| FLEEEEING.
 36503 | Vaults:4 | 36503 ||| FLEEEEING.
 36504 | Vaults:4 | 36504 ||| FLEEEEING.
 36505 | Vaults:4 | 36505 ||| FLEEEEING.
 36506 | Vaults:4 | 36506 ||| FLEEEEING.
 36507 | Vaults:4 | 36507 ||| FLEEEEING.
 36632 | Vaults:4 | Reached skill level 18 in Fighting
 36641 | Vaults:4 | 36641 ||| FLEEEEING.
 36642 | Vaults:4 | 36642 ||| FLEEEEING.
 36643 | Vaults:4 | 36643 ||| FLEEEEING.
 36653 | Vaults:4 | 36653 ||| Stepping ~*~*~tactically~*~*~ (stealth).
 36676 | Vaults:4 | 36676 ||| Stepping ~*~*~tactically~*~*~ (stealth).
 36680 | Vaults:4 | 36680 ||| FLEEEEING.
 36685 | Vaults:4 | 36685 ||| DRINKING 12 potions of curing.
 36685 | Vaults:4 | 36685 ||| (to cure confusion)
 36686 | Vaults:4 | 36686 ||| FLEEEEING.
 36687 | Vaults:4 | 36687 ||| FLEEEEING.
 36700 | Vaults:4 | 36700 ||| FLEEEEING.
 36701 | Vaults:4 | 36701 ||| FLEEEEING.
 36713 | Vaults:4 | 36713 ||| INVOKING Heroism.
 37136 | Vaults:4 | Paralysed by a great orb of eyes for 3 turns
 37141 | Vaults:4 | Received a gift from Okawaru
 37142 | Vaults:4 | 37142 ||| FLEEEEING.
 37143 | Vaults:4 | 37143 ||| FLEEEEING.
 37144 | Vaults:4 | 37144 ||| FLEEEEING.
 37145 | Vaults:4 | 37145 ||| FLEEEEING.
 37146 | Vaults:4 | 37146 ||| FLEEEEING.
 37147 | Vaults:4 | 37147 ||| FLEEEEING.
 37148 | Vaults:4 | 37148 ||| FLEEEEING.
 37152 | Vaults:4 | 37152 ||| FLEEEEING.
 37154 | Vaults:4 | 37154 ||| FLEEEEING.
 37160 | Vaults:4 | 37160 ||| Stepping ~*~*~tactically~*~*~ (hiding).
 37447 | Vaults:4 | 37447 ||| Stepping ~*~*~tactically~*~*~ (hiding).
 37475 | Vaults:4 | 37475 ||| Stepping ~*~*~tactically~*~*~ (hiding).
 37576 | Vaults:4 | Identified the staff of earth "Najar" {rF+ rN++}
 37658 | Vaults:4 | 37658 ||| Stepping ~*~*~tactically~*~*~ (hiding).
 37758 | Vaults:4 | 37758 ||| PLANNING SPIDER:4
 38091 | Spider:4 | Entered Level 4 of the Spider Nest
 38144 | Spider:4 | 38144 ||| FLEEEEING.
 38145 | Spider:4 | 38145 ||| FLEEEEING.
 38146 | Spider:4 | 38146 ||| FLEEEEING.
 38148 | Spider:4 | 38148 ||| Stepping ~*~*~tactically~*~*~ (stealth).
 38156 | Spider:4 | 38156 ||| FLEEEEING.
 38157 | Spider:4 | 38157 ||| FLEEEEING.
 38158 | Spider:4 | 38158 ||| FLEEEEING.
 38159 | Spider:4 | 38159 ||| FLEEEEING.
 38173 | Spider:4 | 38173 ||| Stepping ~*~*~tactically~*~*~ (stealth).
 38179 | Spider:4 | 38179 ||| Stepping ~*~*~tactically~*~*~ (hiding).
 38191 | Spider:4 | 38191 ||| Stepping ~*~*~tactically~*~*~ (stealth).
 38195 | Spider:4 | 38195 ||| Stepping ~*~*~tactically~*~*~ (stealth).
 38201 | Spider:4 | 38201 ||| Stepping ~*~*~tactically~*~*~ (stealth).
 38211 | Spider:4 | 38211 ||| Stepping ~*~*~tactically~*~*~ (stealth).
 38218 | Spider:4 | 38218 ||| Stepping ~*~*~tactically~*~*~ (stealth).
 38265 | Spider:4 | 38265 ||| Stepping ~*~*~tactically~*~*~ (stealth).
 38322 | Spider:4 | 38322 ||| Stepping ~*~*~tactically~*~*~ (stealth).
 38382 | Spider:4 | 38382 ||| Stepping ~*~*~tactically~*~*~ (stealth).
 38455 | Spider:4 | 38455 ||| Stepping randomly (disturbance).
 38456 | Spider:4 | 38456 ||| Stepping randomly (disturbance).
 38555 | Spider:4 | 38555 ||| Stepping ~*~*~tactically~*~*~ (stealth).
 38673 | Spider:4 | Received a gift from Okawaru
 38674 | Spider:4 | Reached skill level 20 in Armour
 38691 | Spider:4 | 38691 ||| INVOKING Heroism.
 38862 | Spider:4 | 38862 ||| Stepping ~*~*~tactically~*~*~ (stealth).
 38872 | Spider:4 | Reached XP level 21. HP: 128/141 MP: 28/28
 38927 | Spider:4 | 38927 ||| READING scroll of enchant armour.
 38927 | Spider:4 | 38927 ||| ENCHANTING +1 gold dragon scales.
 38959 | Spider:4 | 38959 ||| INVOKING Heroism.
 39113 | Spider:4 | 39113 ||| Stepping ~*~*~tactically~*~*~ (hiding).
 39140 | Spider:4 | 39140 ||| READING scroll of enchant armour.
 39140 | Spider:4 | 39140 ||| ENCHANTING +2 gold dragon scales.
 39264 | Spider:4 | 39264 ||| INVOKING Finesse.
 39272 | Spider:4 | 39272 ||| Stepping ~*~*~tactically~*~*~ (stealth).
 39328 | Spider:4 | 39328 ||| DRINKING 2 potions of cancellation.
 39356 | Spider:4 | 39356 ||| Stepping ~*~*~tactically~*~*~ (stealth).
 39365 | Spider:4 | 39365 ||| Stepping ~*~*~tactically~*~*~ (stealth).
 39380 | Spider:4 | 39380 ||| FLEEEEING.
 39385 | Spider:4 | 39385 ||| FLEEEEING.
 39386 | Spider:4 | 39386 ||| FLEEEEING.
 39387 | Spider:4 | 39387 ||| FLEEEEING.
 39388 | Spider:4 | 39388 ||| FLEEEEING.
 39390 | Spider:4 | 39390 ||| FLEEEEING.
 39391 | Spider:4 | 39391 ||| FLEEEEING.
 39393 | Spider:4 | 39393 ||| FLEEEEING.
 39394 | Spider:4 | 39394 ||| FLEEEEING.
 39475 | Spider:4 | 39475 ||| Stepping ~*~*~tactically~*~*~ (stealth).
 39529 | Spider:4 | 39529 ||| INVOKING Heroism.
 39531 | Spider:4 | 39531 ||| INVOKING Finesse.
 39573 | Spider:4 | 39573 ||| FLEEEEING.
 39574 | Spider:4 | 39574 ||| FLEEEEING.
 39575 | Spider:4 | 39575 ||| FLEEEEING.
 39576 | Spider:4 | 39576 ||| FLEEEEING.
 39577 | Spider:4 | 39577 ||| FLEEEEING.
 39578 | Spider:4 | 39578 ||| FLEEEEING.
 39580 | Spider:4 | 39580 ||| FLEEEEING.
 39581 | Spider:4 | 39581 ||| FLEEEEING.
 39582 | Spider:4 | 39582 ||| FLEEEEING.
 39583 | Spider:4 | 39583 ||| FLEEEEING.
 39586 | Spider:4 | 39586 ||| FLEEEEING.
 39587 | Spider:4 | 39587 ||| FLEEEEING.
 39588 | Spider:4 | 39588 ||| FLEEEEING.
 39848 | Spider:4 | Got a gossamer rune of Zot
 40027 | Spider:4 | 40027 ||| READING scroll of enchant armour.
 40027 | Spider:4 | 40027 ||| ENCHANTING +3 gold dragon scales.
 40036 | Spider:4 | 40036 ||| Stepping ~*~*~tactically~*~*~ (hiding).
 40078 | Spider:4 | 40078 ||| Stepping ~*~*~tactically~*~*~ (stealth).
 40126 | Spider:4 | 40126 ||| PLANNING DEPTHS
 40126 | Spider:4 | 40126 ||| DROPPING +5 plate armour of the Gazing Gods
                  | {Int+3}.
 40127 | Spider:4 | 40127 ||| DROPPING scarf of repulsion.
 40128 | Spider:4 | 40128 ||| DROPPING +0 pair of boots of stealth.
 40129 | Spider:4 | 40129 ||| DROPPING scarf of shadows.
 40130 | Spider:4 | 40130 ||| READING 30 scrolls of identify.
 40130 | Spider:4 | 40130 ||| IDENTIFYING white potion
 40131 | Spider:4 | 40131 ||| DROPPING potion of invisibility.
 40408 | Depths:1 | Entered Level 1 of the Depths
 40418 | Depths:1 | 40418 ||| INVOKING Finesse.
 40423 | Depths:1 | 40423 ||| Stepping ~*~*~tactically~*~*~ (hiding).
 40440 | Depths:1 | 40440 ||| INVOKING Heroism.
 40538 | Depths:1 | 40538 ||| Stepping ~*~*~tactically~*~*~ (stealth).
 40539 | Depths:1 | 40539 ||| Stepping ~*~*~tactically~*~*~ (stealth).
 40540 | Depths:1 | 40540 ||| Stepping ~*~*~tactically~*~*~ (stealth).
 40541 | Depths:1 | 40541 ||| Stepping ~*~*~tactically~*~*~ (stealth).
 40617 | Depths:1 | 40617 ||| Stepping ~*~*~tactically~*~*~ (hiding).
 40627 | Depths:1 | 40627 ||| INVOKING Heroism.
 40628 | Depths:1 | 40628 ||| INVOKING Finesse.
 40633 | Depths:1 | 40633 ||| Stepping ~*~*~tactically~*~*~ (hiding).
 40768 | Depths:1 | 40768 ||| FLEEEEING.
 40773 | Depths:1 | 40773 ||| FLEEEEING.
 40774 | Depths:1 | 40774 ||| FLEEEEING.
 40775 | Depths:1 | 40775 ||| FLEEEEING.
 40776 | Depths:1 | 40776 ||| FLEEEEING.
 40777 | Depths:1 | 40777 ||| FLEEEEING.
 40778 | Depths:1 | 40778 ||| FLEEEEING.
 40779 | Depths:1 | 40779 ||| FLEEEEING.
 40780 | Depths:1 | 40780 ||| FLEEEEING.
 40781 | Depths:1 | 40781 ||| FLEEEEING.
 40782 | Depths:1 | 40782 ||| FLEEEEING.
 40783 | Depths:1 | 40783 ||| FLEEEEING.
 40789 | Depths:1 | 40789 ||| FLEEEEING.
 40790 | Depths:1 | 40790 ||| FLEEEEING.
 40791 | Depths:1 | 40791 ||| FLEEEEING.
 40793 | Depths:1 | 40793 ||| FLEEEEING.
 40794 | Depths:1 | 40794 ||| FLEEEEING.
 40795 | Depths:1 | 40795 ||| FLEEEEING.
 40796 | Depths:1 | 40796 ||| FLEEEEING.
 40797 | Depths:1 | 40797 ||| FLEEEEING.
 40798 | Depths:1 | 40798 ||| FLEEEEING.
 40799 | Depths:1 | 40799 ||| FLEEEEING.
 40800 | Depths:1 | 40800 ||| FLEEEEING.
 40805 | Depths:1 | 40805 ||| FLEEEEING.
 40806 | Depths:1 | 40806 ||| FLEEEEING.
 40807 | Depths:1 | 40807 ||| FLEEEEING.
 40808 | Depths:1 | 40808 ||| FLEEEEING.
 40809 | Depths:1 | 40809 ||| FLEEEEING.
 40810 | Depths:1 | 40810 ||| FLEEEEING.
 40811 | Depths:1 | 40811 ||| FLEEEEING.
 40812 | Depths:1 | 40812 ||| FLEEEEING.
 40813 | Depths:1 | 40813 ||| FLEEEEING.
 40817 | Depths:1 | 40817 ||| FLEEEEING.
 40818 | Depths:1 | 40818 ||| FLEEEEING.
 40819 | Depths:1 | 40819 ||| FLEEEEING.
 40820 | Depths:1 | 40820 ||| FLEEEEING.
 40821 | Depths:1 | 40821 ||| FLEEEEING.
 40822 | Depths:1 | 40822 ||| FLEEEEING.
 40825 | Depths:1 | 40825 ||| FLEEEEING.
 40843 | Depths:1 | 40843 ||| FLEEEEING.
 40844 | Depths:1 | 40844 ||| FLEEEEING.
 40845 | Depths:1 | 40845 ||| FLEEEEING.
 40846 | Depths:1 | 40846 ||| FLEEEEING.
 41016 | Depths:1 | Paralysed by a vampire knight for 3 turns
 41165 | Depths:1 | Found Yvout's Assorted Antiques.
 41171 | Depths:1 | Found Jaig's Magic Scroll Shop.
 41174 | Depths:1 | 41174 ||| BUYING +3 hat of Pondering {ponderous, Will+
                  | MP+10 Int+5} (1371 gold).
 41174 | Depths:1 | Bought the +3 hat of Pondering {ponderous, Will+ MP+10
                  | Int+5} for 1371 gold pieces
 41174 | Depths:1 | Found the +3 hat of Pondering {ponderous, Will+ MP+10
                  | Int+5}
 41174 | Depths:1 | 41174 ||| BUYING 3 potions of curing (324 gold).
 41174 | Depths:1 | Bought 3 potions of curing for 324 gold pieces
 41174 | Depths:1 | 41174 ||| BUYING potion of might (144 gold).
 41174 | Depths:1 | Bought a potion of might for 144 gold pieces
 41183 | Depths:1 | 41183 ||| BUYING scroll of teleportation (72 gold).
 41183 | Depths:1 | Bought a scroll of teleportation for 72 gold pieces
 41218 | Depths:1 | 41218 ||| INVOKING Heroism.
 41218 | Depths:1 | Noticed a caustic shrike
 41219 | Depths:1 | 41219 ||| INVOKING Finesse.
 41222 | Depths:1 | Reached skill level 21 in Armour
 41225 | Depths:1 | Killed a caustic shrike
 41225 | Depths:1 | Received a gift from Okawaru
 41225 | Depths:1 | Noticed a juggernaut
 41243 | Depths:1 | HP: 26/144 [juggernaut (17)]
 41244 | Depths:1 | 41244 ||| READING 11 scrolls of teleportation.
 41244 | Depths:1 | HP: 9/144 [tengu conjurer/bolt of lightning (7)]
 41244 | Depths:1 | Mangled by an ettin

Levels and vault maps discovered:
D:1:      shiori_arrival_maze, layout_rooms
D:2:      layout_loops_ring
D:3:      layout_loops_corners, ebering_ghost_sewer_d, guppyfry_early_lair_pool,
          uniq_natasha
D:4:      layout_loops_cross, grunt_temple_overflow_order_and_chaos_2,
          marbit_many_paths, chequers_temple_overflow_statue_of_worship,
          minmay_temple_entry_enclosed_plants
D:5:      layout_cave_pools, uniq_eustachio, uniq_prince_ribbit1
D:6:      layout_basic, nicolae_figureground_pulse
D:7:      layout_basic, serial_shops, nicolae_shop_tiny_statue_garden,
          nicolae_shop_bloodbath_and_beyond, nicolae_ossuary_entry_giza,
          sigmund_army
D:8:      layout_loops_corners, kennysheep_mini_moat, overflow_temple_1_default,
          grunt_dithmenos_smoke, minmay_quadrilaterals, uniq_erica, uniq_joseph,
          uniq_pikel, uniq_maurice
D:9:      layout_loops_corners, okawaru_humans, nicolae_tso_carved_into_rock
D:10:     lemuel_ogre_cave, layout_cave_pools, mainiacjoe_overflow_brackets,
          cheibrodos_ashenzari_chains
D:11:     layout_basic, minmay_lair_entry_grove, minmay_orc_entry_temple_small
D:12:     kennysheep_big_flooded_room, layout_small_grid, serial_bayou_lagoon_a,
          uniq_gastronok, uniq_lodul, uniq_rupert
D:13:     layout_basic
D:14:     layout_rooms, grunt_vaults_entry_tiered, serial_shops,
          nicolae_take_the_stairs
D:15:     grunt_enter_depths_giant_problem, layout_rooms, serial_park_tiny_1,
          onia_ninara_cookie
Temple:   hellmonk_temple_rainy
Lair:1:   layout_hall_layers, roderic_batcave, minivault_23, lemuel_fruit_fields
Lair:2:   layout_roguey, spider_nest_entry_web_field, serial_bayou_pond_a,
          infiniplex_staircase_pool_2
Lair:3:   layout_long_grid, minmay_swamp_entry_worms, minivault_19,
          grunt_megastairs_5
Lair:4:   layout_cave_pods, serial_bayou_pond_e
Lair:5:   evil_forest, layout_regular_city, nicolae_slime_entry_slimehenge,
          infiniplex_staircase_pool
Swamp:1:  layout_falls_marsh, nicolae_swamp_orc_logging_accident, swamp_pool1,
          uniq_louise
Swamp:2:  layout_falls_marsh, evilmike_swamp_ruin_house_5, uniq_mlioglotl
Swamp:3:  layout_basic_swamp, evilmike_swamp_ruin_rubble_1, swamp_pool1,
          nicolae_swamp_wisp_ring_woods
Swamp:4:  grunt_swamp_rune_castle, layout_basic_swamp, uniq_roxanne
Spider:1: lemuel_spider_zombies, uniq_josephine
Spider:2: layout_spider_delve, nicolae_spider_twisty_arc_passages,
          nicolae_spider_cling_halls, uniq_jorgrun, uniq_azrael
Spider:3: layout_spider_delve, hangedman_spider_tarantella_strand, uniq_kirke
Spider:4: hellmonk_spider_rune_bug_friends, drop_trap
Orc:1:    layout_caves, portal_ice_cave_entry_pillars_2
Orc:2:    st_orc_mages, layout_caves, nicolae_shop_gadgets
Vaults:1: nicolae_vaults_diamond_2, nicolae_vaults_wine_cellar,
          nicolae_vaults_trapezoid_1, ontoclasm_vaults_loading_screen,
          gammafunk_sealed_arena, ontoclasm_vaults_chip,
          nicolae_vaults_little_squares_4, grunt_vaults_trifunnel, v_misc_27,
          ontoclasm_vaults_spin, serial_ice_g, layout_vaults_maze_snakey,
          serial_shops, shop
Vaults:2: nicolae_vaults_trapezoid_lopsided_1, nicolae_vaults_ninety_degrees,
          nicolae_vaults_offset_grid_hallway_3, minmay_crypt_entry_necro_gods,
          v_misc_1, nicolae_vaults_trapezoid_lopsided_2,
          nicolae_vaults_closet_pinwheel_6, ontoclasm_vaults_eye,
          nicolae_vaults_house_1, nicolae_vaults_house_1,
          layout_vaults_chaotic_city, uniq_margery
Vaults:3: hangedman_vaults_maws, nicolae_vaults_gold_heap,
          nicolae_vaults_taking_the_gang_shopping,
          nicolae_vaults_off_center_swirl, v_misc_24, v_misc_9,
          vaults_mumra_chevron_long, nicolae_vaults_mitosis,
          nicolae_vaults_alarming, nicolae_vaults_tetromino_T_1,
          layout_vaults_quadrants
Vaults:4: nicolae_vaults_little_squares_5, v_misc_12, v_misc_13,
          hangedman_vaults_corner_blocks, nicolae_vaults_disjoint_gnomons,
          nicolae_vaults_trapezoid_lopsided_2, nicolae_vaults_little_squares_2,
          vaults_room_large_hall, nicolae_vaults_double_plus_3,
          grunt_vaults_swirl, nicolae_vaults_three_branches,
          nicolae_vaults_what_the_h, layout_vaults_omnibox
Depths:1: layout_basic, hell_entry, nicolae_rejected_hall,
          hangedman_decor_cross_pass, minmay_shop_star

Skill      XL: |  1  2  3  4  5  6  7  8  9 10 11 12 13 14 15 16 17 18 19 20 21 |
---------------+----------------------------------------------------------------+-----
Axes           | 2 3 4 5 6 7 8 10 11 12 14 15 16 | 16.0
Fighting       | 4 5 6 7 9 10 12 13 14 16 17 18 19 | 19.0
Dodging        | 1 2 3 4 5 |  5.0
Throwing       | 1 3 5 6 8 10 | 10.8
Armour         | 4 6 8 9 10 11 13 15 17 19 20 21 | 21.0
Shields        | 4 5 10 11 12 16 17 18 19 20 | 20.0
Invocations    | 4 6 10 | 10.0

Action                     |  1- 3 |  4- 6 |  7- 9 | 10-12 | 13-15 | 16-18 | 19-21 || total
---------------------------+-------+-------+-------+-------+-------+-------+-------++-------
  Melee: War axe           |   118 |    92 |   221 |   481 |   800 |   927 |  1042 ||  3681
         Flail             |       |       |       |     8 |    24 |       |       ||    32
         Eveningstar       |       |       |       |       |       |    15 |       ||    15
  Throw: Boomerang         |       |    38 |    57 |    39 |   119 |   256 |    17 ||   526
         Javelin           |       |       |       |    47 |       |    47 |   120 ||   214
 Invoke: Heroism           |       |       |       |    12 |    34 |    36 |    17 ||    99
         Finesse           |       |       |       |       |     5 |    13 |     8 ||    26
    Use: Scroll            |     5 |    10 |     9 |     8 |     7 |     4 |     5 ||    48
         Potion            |       |     2 |     1 |       |       |     6 |     3 ||    12
   Stab: Distracted        |       |       |       |     2 |     8 |    12 |    19 ||    41
         Confused          |       |       |       |       |       |     2 |       ||     2
 Armour: Scale mail        |    29 |       |       |       |       |       |       ||    29
         Chain mail        |    38 |    56 |    95 |       |       |       |       ||   189
         Plate armour      |       |       |    49 |   276 |   303 |   173 |       ||   801
         Ring mail         |       |       |       |       |    29 |       |       ||    29
         Gold dragon scale |       |       |       |       |       |   354 |   330 ||   684
  Dodge: Dodged            |    35 |    21 |    77 |    95 |   153 |   384 |   186 ||   951
  Block: Buckler           |    15 |    13 |    37 |    13 |       |       |       ||    78
         Kite shield       |       |       |       |   147 |   184 |       |       ||   331
         Tower shield      |       |       |       |       |   160 |   740 |   609 ||  1509

Table legend:
 A = Non-vault XP
 B = Vault XP
 C = Vault XP percentage of total XP
 D = Non-vault monster count
 E = Vault monster count
 F = Vault count percentage of total count
                 A         B        C        D         E       F
            +---------+---------+-------+---------+---------+-------
      Total |  354233 |  208396 |  37.0 |     959 |     435 |  31.2
            +---------+---------+-------+---------+---------+-------
        D:1 |      28 |       2 |   6.7 |      16 |       2 |  11.1
        D:2 |      56 |       0 |   0.0 |      20 |       0 |   0.0
        D:3 |     149 |      35 |  19.0 |      19 |       1 |   5.0
        D:4 |     359 |       4 |   1.1 |      12 |       1 |   7.7
        D:5 |     609 |     466 |  43.3 |      12 |       2 |  14.3
        D:6 |     362 |       0 |   0.0 |      12 |       0 |   0.0
        D:7 |    1208 |      62 |   4.9 |      22 |       6 |  21.4
        D:8 |    1407 |    3459 |  71.1 |      13 |      10 |  43.5
        D:9 |    1601 |     370 |  18.8 |      26 |       2 |   7.1
       D:10 |    3059 |     714 |  18.9 |      25 |       6 |  19.4
       D:11 |    4235 |    2243 |  34.6 |      23 |      25 |  52.1
       D:12 |    3619 |    6070 |  62.6 |      16 |      13 |  44.8
       D:13 |    4445 |       0 |   0.0 |       8 |       0 |   0.0
       D:14 |    7885 |    6786 |  46.3 |      16 |      25 |  61.0
       D:15 |   14640 |   10054 |  40.7 |      26 |      18 |  40.9
     Lair:1 |    7439 |      11 |   0.1 |      36 |       8 |  18.2
     Lair:2 |    8714 |       0 |   0.0 |      39 |       0 |   0.0
     Lair:3 |    2898 |    2793 |  49.1 |      13 |      11 |  45.8
     Lair:4 |    7739 |       0 |   0.0 |      32 |       0 |   0.0
     Lair:5 |    5575 |    9645 |  63.4 |      16 |      33 |  67.3
    Swamp:1 |   17006 |    1223 |   6.7 |      27 |       1 |   3.6
    Swamp:2 |   14464 |    1890 |  11.6 |      24 |       1 |   4.0
    Swamp:3 |   11811 |    2174 |  15.5 |      19 |       4 |  17.4
    Swamp:4 |   16112 |   23820 |  59.7 |      23 |      32 |  58.2
   Spider:1 |   10645 |   12172 |  53.3 |      27 |      30 |  52.6
   Spider:2 |   21791 |    3800 |  14.8 |      59 |       7 |  10.6
   Spider:3 |   24966 |    2917 |  10.5 |      68 |       8 |  10.5
   Spider:4 |   31436 |   23612 |  42.9 |      67 |      32 |  32.3
      Orc:1 |    4003 |       0 |   0.0 |      46 |       0 |   0.0
      Orc:2 |    2139 |    4098 |  65.7 |      24 |      37 |  60.7
   Vaults:1 |   19525 |   20940 |  51.7 |      29 |      29 |  50.0
   Vaults:2 |   26215 |   20182 |  43.5 |      42 |      25 |  37.3
   Vaults:3 |   34096 |   12157 |  26.3 |      47 |      17 |  26.6
   Vaults:4 |   22495 |   20498 |  47.7 |      29 |      26 |  47.3
   Depths:1 |   21502 |   16003 |  42.7 |      26 |      12 |  31.6
    Ossuary |       0 |     196 | 100.0 |       0 |      11 | 100.0
            +---------+---------+-------+---------+---------+-------
